Workbook
Name ActifInactif: OFFSET(Instructions!$M$1,1,0,COUNTA(Instructions!$M:$M)-1,1)
Name ClientList: OFFSET(Clients!$G$1,1,0,COUNTA(Clients!$G:$G)-1,1)

Sheet Secteurs
A1: N° | B1: Zone | C1: Technico-Commercial
A2: 1 | B2: Nord | C2: Alexis MABOUNDA
A3: 2 | B3: Centre | C3: Félix OVOURA
A4: 3 | B4: Sud | C4: Armel SOKAMBA

Sheet Week 3
B1: WEEK 02
G3: Cons° farine par boulangerie | Q3: WEEK | R3: GMPN | S3: GMK | T3: SGMP | U3: GMC | V3: PALCO | W3: M.FANTA | X3: %
A4: N° | B4: Boulangerie | C4: Type | D4: Cons/j | E4: C° heb | F4: FARINE UTILISEE | G4: GMPN | H4: MAMA F | I4: GMK | J4: SGMP | K4: PALCO | L4: GMC | M4: Total | N4: PRIORITE | O4: MAZALA / DIRECT | Q4: 1 | R4: 0.34 | S4: 0.12 | T4: 0.15 | U4: 0.39 | V4: 0 | W4: 0 | X4: =SUM(R4:W4) -> 1
A5: 77 | B5: Mayama( AQXA) | D5: 55 | E5: =D5*7 -> 385 | F5: 50%MIN+50%GMC | G5: 192.5 | L5: 192.5 | M5: =SUM(G5:L5) -> 385 | N5: ATTAQUER GMC | Q5: 2 | R5: 0.34 | S5: 0.11 | T5: =J151/E151 -> 0.12415016 | U5: =L151/E151 -> 0.4054094 | V5: =K151/E151 -> 0 | W5: 0 | X5: =SUM(R5:W5) -> 0.97955956
A6: 54 | B6: NOUVELLE ESPERANE 3 | D6: 50 | E6: =D6*7 -> 350 | F6: 50%MIN+50%GMC | G6: 175 | L6: 175 | M6: =SUM(G6:L6) -> 350 | N6: ATTAQUER GMC | Q6: Variation | R6: =R5-R4 -> 0 | S6: =S5-S4 -> -0.01 | T6: =T5-T4 -> -0.025849837 | U6: =U5-U4 -> 0.0154094 | V6: =V5-V4 -> 0 | W6: =W5-W4 -> 0
A7: 114 | B7: SABANA Moukondo | D7: 50 | E7: =D7*7 -> 350 | F7: 50%MIN+50%GMC | G7: 175 | L7: 175 | M7: =SUM(G7:L7) -> 350 | N7: ATTAQUER GMC
A8: 133 | B8: YA LOLO | C8: Crédit | D8: 50 | E8: =D8*7 -> 350 | F8: 100%MIN | G8: 350 | M8: =SUM(G8:L8) -> 350 | N8: A PRESERVER
A9: 3 | B9: 58e ANNIVERSAIRE | D9: 42 | E9: =D9*7 -> 294 | F9: 50%MIN+50%SGMP | G9: 147 | J9: 147 | M9: =SUM(G9:L9) -> 294 | N9: ATTAQUER SGMP
A10: 13 | B10: BECO | C10: Cash | D10: 40 | E10: =D10*7 -> 280 | F10: 50%GMK+50%GMC | I10: 140 | L10: 140 | M10: =SUM(G10:L10) -> 280 | N10: A RECUPERER
A11: 45 | B11: ELVOZ INCHALAH | C11: Cash | D11: 40 | E11: =D11*7 -> 280 | F11: 25%MIN+25%GMK+50%GMC | G11: 70 | I11: 70 | L11: 140 | M11: =SUM(G11:L11) -> 280 | N11: TARGET 50%
A12: 131 | B12: POTAL | D12: 38 | E12: =D12*7 -> 266 | F12: 50%GMC+50%GMK | I12: 133 | L12: 133 | M12: =SUM(G12:L12) -> 266 | N12: A RECUPERER
A13: 42 | B13: EL MABROUCK | D13: 38 | E13: =D13*7 -> 266 | F13: 25%MIN+75%GMC | G13: 66 | L13: 199.5 | M13: =SUM(G13:L13) -> 265.5 | N13: TARGET 50%
A14: 12 | B14: BAS PRIX (ex moderne nkombo) | D14: 36 | E14: =D14*7 -> 252 | F14: 50%MIN+50%GMC | G14: 126 | L14: 126 | M14: =SUM(G14:L14) -> 252 | N14: ATTAQUER GMC
A15: 27 | B15: COMUS | D15: 36 | E15: =D15*7 -> 252 | F15: 50%MIN+50%GMC | G15: 126 | L15: 126 | M15: =SUM(G15:L15) -> 252 | N15: ATTAQUER GMC
A16: 60 | B16: HOT BREAD2 Plazza | D16: 36 | E16: =D16*7 -> 252 | F16: 50%MIN+50%GMC | G16: 126 | L16: 126 | M16: =SUM(G16:L16) -> 252 | N16: ATTAQUER GMC
A17: 120 | B17: SID-SID | D17: 36 | E17: =D17*7 -> 252 | F17: 50%MIN+50%SGMP | G17: 126 | J17: 126 | M17: =SUM(G17:L17) -> 252 | N17: ATTAQUER SGMP
A18: 55 | B18: NOUVELLE ESPERANCE 4 | D18: 34 | E18: =D18*7 -> 238 | F18: 50%MIN+50%SGMP | G18: 119 | J18: 119 | M18: =SUM(G18:L18) -> 238 | N18: ATTAQUER SGMP
A19: 80 | B19: MODERNE & ARTISANALE 1 | D19: 34 | E19: =D19*7 -> 238 | F19: 50%GMC+50%SGMP | J19: 119 | L19: 119 | M19: =SUM(G19:L19) -> 238 | N19: A RECUPERER
A20: 96 | B20: NOUVELLE ESPERANCE 1 | C20: Cash | D20: 34 | E20: =D20*7 -> 238 | F20: 50%MIN+50%GMC | G20: 119 | L20: 119 | M20: =SUM(G20:L20) -> 238 | N20: ATTAQUER GMC
A21: 15 | B21: BEDRE NKOMBO | C21: Cash | D21: 32 | E21: =D21*7 -> 224 | F21: 50%MIN+50%SGMP | G21: 112 | J21: 112 | M21: =SUM(G21:L21) -> 224 | N21: ATTAQUER SGMP
A22: 17 | B22: ARTISANALE 3 ( Ex BLANCHE) | D22: 32 | E22: =D22*7 -> 224 | F22: 50%GMC+50%GMK | I22: 112 | L22: 112 | M22: =SUM(G22:L22) -> 224 | N22: A RECUPERER
A23: 44 | B23: Brazza Moderne 1 | C23: Dette | D23: 32 | E23: =D23*7 -> 224 | F23: 100%GMC | L23: 224 | M23: =SUM(G23:L23) -> 224 | N23: A RECUPERER
A24: 81 | B24: MODERNE & ARTISANALE 2 | D24: 32 | E24: =D24*7 -> 224 | F24: 50%GMC+50%SGMP | J24: 112 | L24: 112 | M24: =SUM(G24:L24) -> 224 | N24: A RECUPERER
A25: 97 | B25: EL MOURATH | D25: 32 | E25: =D25*7 -> 224 | F25: 50%MIN+50%GMC | G25: 112 | L25: 112 | M25: =SUM(G25:L25) -> 224 | N25: ATTAQUER GMC
A26: 115 | B26: SAHA(ex fournil) | D26: 32 | E26: =D26*7 -> 224 | F26: 50%SGMP+50%GMK | I26: 112 | L26: 112 | M26: =SUM(G26:L26) -> 224 | N26: A RECUPERER
A27: 141 | B27: Paris Pain | D27: 32 | E27: =D27*7 -> 224 | F27: 50%GMC+50%GMK | I27: 112 | L27: 112 | M27: =SUM(G27:L27) -> 224 | N27: A RECUPERER
A28: 11 | B28: EL MEJID ( Ex Baraka Talangai) | D28: 30 | E28: =D28*7 -> 210 | F28: 50%MIN+50%GMC | G28: 105 | L28: 105 | M28: =SUM(G28:L28) -> 210 | N28: ATTAQUER GMC
A29: 25 | B29: BRAZZA MODERNE 2 | D29: 30 | E29: =D29*7 -> 210 | F29: 50%MIN+50%GMC | G29: 105 | L29: 105 | M29: =SUM(G29:L29) -> 210 | N29: ATTAQUER GMC
A30: 31 | B30: DAHI ( ex préference) | D30: 30 | E30: =D30*7 -> 210 | F30: 50%MIN+50%SGMP | G30: 105 | J30: 105 | M30: =SUM(G30:L30) -> 210 | N30: ATTAQUER SGMP
A31: 39 | B31: EL MANSOUR | D31: 30 | E31: =D31*7 -> 210 | F31: 50%GMC+50%GMK | I31: 105 | L31: 105 | M31: =SUM(G31:L31) -> 210 | N31: A RECUPERER
A32: 53 | B32: NOUVELLE ESPERANCE 2 | C32: Cash | D32: 30 | E32: =D32*7 -> 210 | F32: 50%GMK+50%GMC | I32: 105 | L32: 105 | M32: =SUM(G32:L32) -> 210 | N32: A RECUPERER
A33: 73 | B33: MAHFOUD | D33: 30 | E33: =D33*7 -> 210 | F33: 50%GMC+50%GMK | I33: 105 | L33: 105 | M33: =SUM(G33:L33) -> 210 | N33: A RECUPERER
A34: 75 | B34: MANE | D34: 30 | E34: =D34*7 -> 210 | F34: 50%MIN+50%GMC | G34: 105 | L34: 105 | M34: =SUM(G34:L34) -> 210 | N34: ATTAQUER GMC
A35: 110 | B35: REVES 2 | D35: 30 | E35: =D35*7 -> 210 | F35: 50%MIN+50%GMC | G35: 105 | L35: 105 | M35: =SUM(G35:L35) -> 210 | N35: ATTAQUER GMC
A36: 117 | B36: SAVANA NKOMBO | D36: 30 | E36: =D36*7 -> 210 | F36: 50%MIN+50%GMC | G36: 105 | L36: 105 | M36: =SUM(G36:L36) -> 210 | N36: ATTAQUER GMC
A37: 119 | B37: SD1 CARREFOUR | C37: Crédit | D37: 30 | E37: =D37*7 -> 210 | F37: 50%MIN+25%SGMP+25%GMC | G37: 105 | J37: 52.5 | L37: 52.5 | M37: =SUM(G37:L37) -> 210 | N37: ATTAQUER SGMP
A38: 5 | B38: ALMADINA (bama) | D38: 28 | E38: =D38*7 -> 196 | F38: 50%MIN+50%GMC | G38: 98 | J38: 98 | M38: =SUM(G38:L38) -> 196 | N38: ATTAQUER GMC
A39: 23 | B39: BONNE CHANCE 4 | D39: 28 | E39: =D39*7 -> 196 | F39: 50%MIN+50%GMC | G39: 98 | L39: 98 | M39: =SUM(G39:L39) -> 196 | N39: ATTAQUER GMC
A40: 30 | B40: DAHI (ex bab elkheire) | D40: 28 | E40: =D40*7 -> 196 | F40: 50%MIN+25%SGMP+25%GMC | G40: 98 | J40: 49 | L40: 49 | M40: =SUM(G40:L40) -> 196 | N40: ATTAQUER SGMP
A41: 49 | B41: ETOILE DE KINTELE | D41: 28 | E41: =D41*7 -> 196 | F41: 50%GMK+50%GMC | I41: 98 | L41: 98 | M41: =SUM(G41:L41) -> 196 | N41: A RECUPERER
A42: 58 | B42: HOT BREAD MOUKONDO | D42: 28 | E42: =D42*7 -> 196 | F42: 25%MIN+75%GMC | G42: 49 | L42: 147 | M42: =SUM(G42:L42) -> 196 | N42: TARGET 50%
A43: 59 | B43: HOT BREAD1 ( Mbochi ) | D43: 28 | E43: =D43*7 -> 196 | F43: 50%MIN+50%GMC | G43: 98 | L43: 98 | M43: =SUM(G43:L43) -> 196 | N43: ATTAQUER GMC
A44: 84 | B44: BONNE CHANCE 5( Ex Mouvida 1) | C44: Crédit | D44: 28 | E44: =D44*7 -> 196 | F44: 50%MIN+50%SGMP | G44: 98 | J44: 98 | M44: =SUM(G44:L44) -> 196 | N44: ATTAQUER SGMP
A45: 89 | B45: OUM EL KORA(Ex NAJAH MA) | D45: 28 | E45: =D45*7 -> 196 | F45: 50%MIN+50%GMC | G45: 98 | L45: 98 | M45: =SUM(G45:L45) -> 196 | N45: ATTAQUER GMC
A46: 99 | B46: PAIN VICTOIRE (Ex Sidina) | C46: Dette | D46: 28 | E46: =D46*7 -> 196 | F46: 50%SGMP+50%GMC | J46: 98 | L46: 98 | M46: =SUM(G46:L46) -> 196 | N46: A RECUPERER
A47: 127 | B47: TIK-TOK | D47: 28 | E47: =D47*7 -> 196 | F47: 50%MIN+50%SGMP | G47: 98 | J47: 98 | M47: =SUM(G47:L47) -> 196 | N47: ATTAQUER SGMP
A48: 137 | B48: D.A.H ( Bon Vivre) | D48: 28 | E48: =D48*7 -> 196 | F48: 50%MIN+50%GMC | G48: 98 | L48: 98 | M48: =SUM(G48:L48) -> 196 | N48: ATTAQUER GMC
A49: 142 | B49: FORAGE | D49: 28 | E49: =D49*7 -> 196 | F49: 50%GMC+50%GMK | I49: 98 | L49: 98 | M49: =SUM(G49:L49) -> 196 | N49: A RECUPERER
A50: 6 | B50: BABA-EL (Nganga lingolo Djoue ) | D50: 26 | E50: =D50*7 -> 182 | F50: 50%MIN+50%GMK | G50: 91 | I50: 91 | M50: =SUM(G50:L50) -> 182 | N50: ATTAQUER GMK
A51: 10 | B51: EL BARAKA 2024 | D51: 26 | E51: =D51*7 -> 182 | F51: 50%MIN+50%GMC | G51: 91 | L51: 91 | M51: =SUM(G51:L51) -> 182 | N51: ATTAQUER GMC
A52: 35 | B52: DORA MAYA | C52: Crédit | D52: 26 | E52: =D52*7 -> 182 | F52: 50%MIN+50%SGMP | G52: 91 | J52: 91 | M52: =SUM(G52:L52) -> 182 | N52: ATTAQUER SGMP
A53: 43 | B53: EL MEJED 1 makabandilou | D53: 26 | E53: =D53*7 -> 182 | F53: 50%MIN+25%GMC+25%GMK | G53: 91 | J53: 45.5 | L53: 45.5 | M53: =SUM(G53:L53) -> 182 | N53: ATTAQUER GMK
A54: 46 | B54: ELWEVA | D54: 26 | E54: =D54*7 -> 182 | F54: 50%MIN+50%GMC | G54: 91 | L54: 91 | M54: =SUM(G54:L54) -> 182 | N54: ATTAQUER GMC
A55: 47 | B55: ESCALE | C55: Crédit | D55: 26 | E55: =D55*7 -> 182 | F55: 50%MIN+50%SGMP | G55: 91 | J55: 91 | M55: =SUM(G55:L55) -> 182 | N55: ATTAQUER SGMP
A56: 52 | B56: FIRDAWS 1 | C56: Crédit | D56: 26 | E56: =D56*7 -> 182 | F56: 50%SGMP+50%GMC | J56: 91 | L56: 91 | M56: =SUM(G56:L56) -> 182 | N56: A RECUPERER
A57: 76 | B57: MARCHE DJIRI ext ESCALE | D57: 26 | E57: =D57*7 -> 182 | F57: 50%MIN+50%GMC | G57: 91 | L57: 91 | M57: =SUM(G57:L57) -> 182 | N57: ATTAQUER GMC
A58: 82 | B58: SALAM( Ex MODERNE AV France) | D58: 26 | E58: =D58*7 -> 182 | F58: 50%MIN+50%GMC | G58: 91 | L58: 91 | M58: =SUM(G58:L58) -> 182 | N58: ATTAQUER GMC
A59: 87 | B59: MSB EX FIRDAWS2 | D59: 26 | E59: =D59*7 -> 182 | F59: 50%MIN+50%SGMP | G59: 91 | J59: 91 | M59: =SUM(G59:L59) -> 182 | N59: ATTAQUER SGMP
A60: 105 | B60: SABANA ( Ex PUZZLE) | C60: Crédit | D60: 26 | E60: =D60*7 -> 182 | F60: 50%MIN+50%GMC | G60: 91 | L60: 91 | M60: =SUM(G60:L60) -> 182 | N60: ATTAQUER GMC
A61: 111 | B61: REVES 3 | D61: 26 | E61: =D61*7 -> 182 | F61: 50%MIN+50%GMC | G61: 91 | L61: 91 | M61: =SUM(G61:L61) -> 182 | N61: ATTAQUER GMC
A62: 126 | B62: TEYiBA | D62: 26 | E62: =D62*7 -> 182 | F62: 50%GMC+50%GMK | I62: 91 | L62: 91 | M62: =SUM(G62:L62) -> 182 | N62: A RECUPERER
A63: 140 | B63: Bonne Chance 1 (Digeco) | D63: 26 | E63: =D63*7 -> 182 | F63: 50%MIN+50%SGMP | G63: 91 | L63: 91 | M63: =SUM(G63:L63) -> 182 | N63: ATTAQUER SGMP
A64: 91 | B64: ND 2 BIFOUITI | D64: 25 | E64: =D64*7 -> 175 | F64: 50%SGMP+50%GMK | J64: 87.5 | L64: 87.5 | M64: =SUM(G64:L64) -> 175 | N64: A RECUPERER
A65: 92 | B65: ND1 | C65: Crédit | D65: 25 | E65: =D65*7 -> 175 | F65: 50%SGMP+50%GMC | I65: 87.5 | L65: 87.5 | M65: =SUM(G65:L65) -> 175 | N65: A RECUPERER
A66: 93 | B66: ND 3 PK | D66: 25 | E66: =D66*7 -> 175 | F66: 50%MIN+50%GMC | G66: 87.5 | L66: 87.5 | M66: =SUM(G66:L66) -> 175 | N66: ATTAQUER GMC
A67: 16 | B67: BENEDICTION NGAMAKOSSO | D67: 24 | E67: =D67*7 -> 168 | F67: 50%MIN+50%GMC | G67: 84 | L67: 84 | M67: =SUM(G67:L67) -> 168 | N67: ATTAQUER GMC
A68: 21 | B68: BONNE CHANCE 2 | D68: 24 | E68: =D68*7 -> 168 | F68: 50%MIN+50%GMC | G68: 84 | L68: 84 | M68: =SUM(G68:L68) -> 168 | N68: ATTAQUER GMC
A69: 24 | B69: BIFOUITI ( Ex BRAZZA 2005 ) | C69: Crédit | D69: 24 | E69: =D69*7 -> 168 | F69: 50%MIN+50%GMC | G69: 84 | L69: 84 | M69: =SUM(G69:L69) -> 168 | N69: ATTAQUER GMC
A70: 61 | B70: ILYAS EX KIGOUARIE | C70: Crédit | D70: 24 | E70: =D70*7 -> 168 | F70: 50%MIN+50%GMC | G70: 84 | L70: 84 | M70: =SUM(G70:L70) -> 168 | N70: ATTAQUER GMC
A71: 66 | B71: Paris Baguette (Ex KEITA BF) | D71: 24 | E71: =D71*7 -> 168 | F71: 50%GMC+50%SGMP | J71: 84 | L71: 84 | M71: =SUM(G71:L71) -> 168 | N71: A RECUPERER
A72: 68 | B72: LA CONGOLAISE 1 (Ouenze) | D72: 24 | E72: =D72*7 -> 168 | F72: 100%GMK | I72: 168 | M72: =SUM(G72:L72) -> 168 | N72: A RECUPERER
A73: 70 | B73: LA GLOIRE MAYANGA B52 | D73: 24 | E73: =D73*7 -> 168 | F73: 50%SGMP+50%GMC | J73: 84 | L73: 84 | M73: =SUM(G73:L73) -> 168 | N73: A RECUPERER
A74: 85 | B74: MOUVIDA 2 | D74: 24 | E74: =D74*7 -> 168 | F74: 50%MIN+50%GMC | G74: 84 | L74: 84 | M74: =SUM(G74:L74) -> 168 | N74: ATTAQUER GMC
A75: 90 | B75: NATIONALE ( Moukondo) | D75: 24 | E75: =D75*7 -> 168 | F75: 50%MIN+50%GMK | G75: 84 | L75: 84 | M75: =SUM(G75:L75) -> 168 | N75: ATTAQUER GMK
A76: 112 | B76: RIM D'OR 1 | C76: Cash | D76: 24 | E76: =D76*7 -> 168 | F76: 50%MIN+50%GMC | G76: 84 | L76: 84 | M76: =SUM(G76:L76) -> 168 | N76: ATTAQUER GMC
A77: 113 | B77: RIM D'OR 2 | D77: 24 | E77: =D77*7 -> 168 | F77: 50%MIN+50%GMC | G77: 84 | L77: 84 | M77: =SUM(G77:L77) -> 168 | N77: ATTAQUER GMC
A78: 118 | B78: SD MASSENGO | D78: 24 | E78: =D78*7 -> 168 | F78: 50%MIN+50%GMK | G78: 84 | I78: 84 | M78: =SUM(G78:L78) -> 168 | N78: ATTAQUER GMK
A79: 123 | B79: SUPER CAFE | D79: 24 | E79: =D79*7 -> 168 | F79: 50%GMC+50%GMK | I79: 84 | L79: 84 | M79: =SUM(G79:L79) -> 168 | N79: A RECUPERER
A80: 134 | B80: LE BON CHOIX (Ex YESLEM) | C80: Dette | D80: 24 | E80: =D80*7 -> 168 | F80: 50%MIN+50%GMC | G80: 84 | L80: 84 | M80: =SUM(G80:L80) -> 168 | N80: ATTAQUER GMC
A81: 71 | B81: LA PERLE MAYANGA | D81: 23 | E81: =D81*7 -> 161 | F81: 50%SGMP+50%GMC | J81: 80.5 | L81: 80.5 | M81: =SUM(G81:L81) -> 161 | N81: A RECUPERER
A82: 72 | B82: LA PLAINE | C82: Crédit | D82: 23 | E82: =D82*7 -> 161 | F82: 50%MIN+50%SGMP | G82: 80.5 | J82: 80.5 | M82: =SUM(G82:L82) -> 161 | N82: ATTAQUER SGMP
A83: 7 | B83: Babe Elkheire Total | D83: 22 | E83: =D83*7 -> 154 | F83: 25%MIN+25%GMK+50%GMC | G83: 38.5 | I83: 38.5 | L83: 77 | M83: =SUM(G83:L83) -> 154 | N83: TARGET 50%
A84: 8 | B84: BACO PAIN | C84: Dette | D84: 22 | E84: =D84*7 -> 154 | F84: 50%MIN+50%GMC | G84: 77 | L84: 77 | M84: =SUM(G84:L84) -> 154 | N84: ATTAQUER GMC
A85: 19 | B85: BLG EL MOURAD | D85: 22 | E85: =D85*7 -> 154 | F85: 50%MIN+50%GMC | G85: 77 | L85: 77 | M85: =SUM(G85:L85) -> 154 | N85: ATTAQUER GMC
A86: 33 | B86: DIGNITE 1 | D86: 22 | E86: =D86*7 -> 154 | F86: 50%MIN+50%GMC | G86: 77 | L86: 77 | M86: =SUM(G86:L86) -> 154 | N86: ATTAQUER GMC
A87: 37 | B87: EFFRAKATA 2 | D87: 22 | E87: =D87*7 -> 154 | F87: 50%MIN+50%GMC | G87: 77 | L87: 77 | M87: =SUM(G87:L87) -> 154 | N87: ATTAQUER GMC
A88: 38 | B88: BAB (EX EFFRAKATA1) | D88: 22 | E88: =D88*7 -> 154 | F88: 50%MIN+50%GMC | G88: 77 | L88: 77 | M88: =SUM(G88:L88) -> 154 | N88: ATTAQUER GMC
A89: 48 | B89: SAM 2 ( Ex ESPOIR) | C89: Dette | D89: 22 | E89: =D89*7 -> 154 | F89: 50%MIN+50%GMC | G89: 77 | L89: 77 | M89: =SUM(G89:L89) -> 154 | N89: ATTAQUER GMC
A90: 57 | B90: GRANDE BLG DE DIATA (ML) | D90: 22 | E90: =D90*7 -> 154 | F90: 50%MIN+50%GMC | G90: 77 | L90: 77 | M90: =SUM(G90:L90) -> 154 | N90: ATTAQUER GMC
A91: 74 | B91: MAMPASSI | D91: 22 | E91: =D91*7 -> 154 | F91: 50%MIN+50%GMC | G91: 77 | L91: 77 | M91: =SUM(G91:L91) -> 154 | N91: ATTAQUER GMC
A92: 83 | B92: MOUHOUMI | D92: 22 | E92: =D92*7 -> 154 | F92: 50%MIN+50%SGMP | G92: 77 | J92: 77 | M92: =SUM(G92:L92) -> 154 | N92: ATTAQUER SGMP
A93: 86 | B93: MR KINTELE | C93: Cash | D93: 22 | E93: =D93*7 -> 154 | F93: 50%MIN+50%GMC | G93: 77 | L93: 77 | M93: =SUM(G93:L93) -> 154 | N93: ATTAQUER GMC
A94: 95 | B94: NOUR 2 | D94: 22 | E94: =D94*7 -> 154 | F94: 100%GMC | L94: 154 | M94: =SUM(G94:L94) -> 154 | N94: A RECUPERER
A95: 106 | B95: RECONCILIATION ex iphone | D95: 22 | E95: =D95*7 -> 154 | F95: 50%MIN+50%GMC | G95: 77 | L95: 77 | M95: =SUM(G95:L95) -> 154 | N95: ATTAQUER GMC
A96: 121 | B96: SS TOTAL | C96: Crédit | D96: 22 | E96: =D96*7 -> 154 | F96: 50%MIN+50%GMK | G96: 77 | I96: 77 | M96: =SUM(G96:L96) -> 154 | N96: ATTAQUER GMK
A97: 130 | B97: TSOUEKE (ex Congo Pain) | D97: 22 | E97: =D97*7 -> 154 | F97: 50%MIN+50%GMC | G97: 77 | L97: 77 | M97: =SUM(G97:L97) -> 154 | N97: ATTAQUER GMC
A98: 135 | B98: POUR TOUS | D98: 22 | E98: =D98*7 -> 154 | F98: 100%GMC | L98: 154 | M98: =SUM(G98:L98) -> 154 | N98: A RECUPERER
A99: 22 | B99: BONNE CHANCE 3 | D99: 20 | E99: =D99*7 -> 140 | F99: 50%MIN+50%GMC | G99: 70 | L99: 70 | M99: =SUM(G99:L99) -> 140 | N99: ATTAQUER GMC
A100: 32 | B100: DIAMOND | C100: Dette | D100: 20 | E100: =D100*7 -> 140 | F100: 50%MIN+50%GMC | G100: 70 | L100: 70 | M100: =SUM(G100:L100) -> 140 | N100: ATTAQUER GMC
A101: 34 | B101: DIGNITE 2 | D101: 20 | E101: =D101*7 -> 140 | F101: 50%MIN+50%GMC | G101: 70 | L101: 70 | M101: =SUM(G101:L101) -> 140 | N101: ATTAQUER GMC
...

Sheet WEEK 43
A1: N° | B1: Boulangerie | C1: ID client | D1: Cons/j | E1: C° heb | F1: Date Dernière Visite | G1: Période sans visite | H1: perc_MINOCO | I1: perc_FANTA | J1: perc_GMK | K1: perc_SGMP | L1: perc_MFB | M1: perc_GMC | N1: cons_MINOCO | O1: cons_FANTA | P1: cons_GMK | Q1: cons_SGMP | R1: cons_MFB | S1: cons_GMC | T1: cons_Total | U1: verification_1 | V1: verification_2 | W1: verification_3 | X1: verification_4 | Y1: COMMENTAIRES
A2: =+IF(D2>0,1,0) -> 1 | B2: AFRICAINE1 nkouikou nzango | C2: =IF(B2="","", _xlfn.XLOOKUP(B2, Clients!G:G, Clients!F:F, "Not found") ) -> PNR-00001 | D2: 14 | E2: =D2*7 -> 98 | F2: 46023 | G2: =+IF(A2=1,(+TODAY())-F2,"Sans objet") -> 286 | M2: 1 | N2: =+$E2*H2 -> 0 | O2: =+$E2*I2 -> 0 | P2: =+$E2*J2 -> 0 | Q2: =+$E2*K2 -> 0 | R2: =+$E2*L2 -> 0 | S2: =+$E2*M2 -> 98 | T2: =SUM(N2:S2) -> 98 | Z2: =+T2-E2 -> 0 | AB2: Week | AC2: Minoco | AD2: Fanta | AE2: GMPN | AF2: GMK | AG2: SGMP | AH2: MFB | AI2: GMC
A3: =+IF(D3>0,1,0) -> 1 | B3: AFRICAINE2 nkouinkou vonvon | C3: =IF(B3="","", _xlfn.XLOOKUP(B3, Clients!G:G, Clients!F:F, "Not found") ) -> PNR-00002 | D3: 34 | E3: =D3*7 -> 238 | F3: 46024 | G3: =+IF(A3=1,(+TODAY())-F3,"Sans objet") -> 285 | J3: 0.5 | L3: 0.5 | N3: =+$E3*H3 -> 0 | O3: =+$E3*I3 -> 0 | P3: =+$E3*J3 -> 119 | Q3: =+$E3*K3 -> 0 | R3: =+$E3*L3 -> 119 | S3: =+$E3*M3 -> 0 | T3: =SUM(N3:S3) -> 238 | Z3: =+T3-E3 -> 0 | AB3: 39 | AC3: 0.28 | AD3: 0.07 | AE3: =+AC3+AD3 -> 0.35 | AF3: 0.19 | AG3: 0.12 | AH3: 0.15 | AI3: 0.19 | AJ3: =SUM(AE3:AI3) -> 1
A4: =+IF(D4>0,1,0) -> 1 | B4: AFRICAINE3 tchialli | C4: =IF(B4="","", _xlfn.XLOOKUP(B4, Clients!G:G, Clients!F:F, "Not found") ) -> PNR-00003 | D4: 26 | E4: =D4*7 -> 182 | F4: 46025 | G4: =+IF(A4=1,(+TODAY())-F4,"Sans objet") -> 284 | H4: 0.5 | L4: 0.5 | N4: =+$E4*H4 -> 91 | O4: =+$E4*I4 -> 0 | P4: =+$E4*J4 -> 0 | Q4: =+$E4*K4 -> 0 | R4: =+$E4*L4 -> 91 | S4: =+$E4*M4 -> 0 | T4: =SUM(N4:S4) -> 182 | Z4: =+T4-E4 -> 0 | AB4: 40 | AC4: 0.33 | AD4: 0.09 | AE4: =+AC4+AD4 -> 0.42 | AF4: 0.15 | AG4: 0.12 | AH4: 0.11 | AI4: 0.2 | AJ4: =SUM(AE4:AI4) -> 1
A5: =+IF(D5>0,1,0) -> 1 | B5: AFRICAINE4 la fontaine | C5: =IF(B5="","", _xlfn.XLOOKUP(B5, Clients!G:G, Clients!F:F, "Not found") ) -> PNR-00004 | D5: 24 | E5: =D5*7 -> 168 | F5: 46026 | G5: =+IF(A5=1,(+TODAY())-F5,"Sans objet") -> 283 | H5: 0.5 | L5: 0.5 | N5: =+$E5*H5 -> 84 | O5: =+$E5*I5 -> 0 | P5: =+$E5*J5 -> 0 | Q5: =+$E5*K5 -> 0 | R5: =+$E5*L5 -> 84 | S5: =+$E5*M5 -> 0 | T5: =SUM(N5:S5) -> 168 | Z5: =+T5-E5 -> 0 | AB5: 41 | AC5: 0.331901 | AD5: 0.084393262 | AE5: =+AC5+AD5 -> 0.41629426 | AF5: 0.15520798 | AG5: 0.11816776 | AH5: 0.11112066 | AI5: 0.19920935 | AJ5: =SUM(AE5:AI5) -> 1
A6: =+IF(D6>0,1,0) -> 1 | B6: AFRICAINE5 ngoyo avenue taty loutard | C6: =IF(B6="","", _xlfn.XLOOKUP(B6, Clients!G:G, Clients!F:F, "Not found") ) -> PNR-00005 | D6: 7 | E6: =D6*7 -> 49 | F6: 46027 | G6: =+IF(A6=1,(+TODAY())-F6,"Sans objet") -> 282 | H6: 0.5 | L6: 0.5 | N6: =+$E6*H6 -> 24.5 | O6: =+$E6*I6 -> 0 | P6: =+$E6*J6 -> 0 | Q6: =+$E6*K6 -> 0 | R6: =+$E6*L6 -> 24.5 | S6: =+$E6*M6 -> 0 | T6: =SUM(N6:S6) -> 49 | Z6: =+T6-E6 -> 0 | AB6: 42 | AC6: =N163 -> 0.22417934 | AD6: =O163 -> 0.088070456 | AE6: =+AC6+AD6 -> 0.3122498 | AF6: =P163 -> 0.037830264 | AG6: =Q163 -> 0.22497998 | AH6: =R163 -> 0.20396317 | AI6: =S163 -> 0.22097678 | AJ6: =SUM(AE6:AI6) -> 1
A7: =+IF(D7>0,1,0) -> 1 | B7: AFRICAINE6 ngoyo central | C7: =IF(B7="","", _xlfn.XLOOKUP(B7, Clients!G:G, Clients!F:F, "Not found") ) -> PNR-00006 | D7: 36 | E7: =D7*7 -> 252 | F7: 46028 | G7: =+IF(A7=1,(+TODAY())-F7,"Sans objet") -> 281 | H7: 0.25 | I7: 0.5 | L7: 0.25 | N7: =+$E7*H7 -> 63 | O7: =+$E7*I7 -> 126 | P7: =+$E7*J7 -> 0 | Q7: =+$E7*K7 -> 0 | R7: =+$E7*L7 -> 63 | S7: =+$E7*M7 -> 0 | T7: =SUM(N7:S7) -> 252 | Z7: =+T7-E7 -> 0 | AB7: Variation
A8: =+IF(D8>0,1,0) -> 1 | B8: AFRICAINE7 nzassi | C8: =IF(B8="","", _xlfn.XLOOKUP(B8, Clients!G:G, Clients!F:F, "Not found") ) -> PNR-00007 | D8: 26 | E8: =D8*7 -> 182 | F8: 46029 | G8: =+IF(A8=1,(+TODAY())-F8,"Sans objet") -> 280 | H8: 0.5 | L8: 0.5 | N8: =+$E8*H8 -> 91 | O8: =+$E8*I8 -> 0 | P8: =+$E8*J8 -> 0 | Q8: =+$E8*K8 -> 0 | R8: =+$E8*L8 -> 91 | S8: =+$E8*M8 -> 0 | T8: =SUM(N8:S8) -> 182 | Z8: =+T8-E8 -> 0
A9: =+IF(D9>0,1,0) -> 1 | B9: AL MONA rond point sogolo | C9: =IF(B9="","", _xlfn.XLOOKUP(B9, Clients!G:G, Clients!F:F, "Not found") ) -> PNR-00008 | D9: 20 | E9: =D9*7 -> 140 | F9: 46030 | G9: =+IF(A9=1,(+TODAY())-F9,"Sans objet") -> 279 | H9: 0.75 | L9: 0.25 | N9: =+$E9*H9 -> 105 | O9: =+$E9*I9 -> 0 | P9: =+$E9*J9 -> 0 | Q9: =+$E9*K9 -> 0 | R9: =+$E9*L9 -> 35 | S9: =+$E9*M9 -> 0 | T9: =SUM(N9:S9) -> 140 | Z9: =+T9-E9 -> 0
A10: =+IF(D10>0,1,0) -> 1 | B10: AMOUR DE MPAKA | C10: =IF(B10="","", _xlfn.XLOOKUP(B10, Clients!G:G, Clients!F:F, "Not found") ) -> PNR-00009 | D10: 24 | E10: =D10*7 -> 168 | F10: 46031 | G10: =+IF(A10=1,(+TODAY())-F10,"Sans objet") -> 278 | H10: 0.5 | L10: 0.5 | N10: =+$E10*H10 -> 84 | O10: =+$E10*I10 -> 0 | P10: =+$E10*J10 -> 0 | Q10: =+$E10*K10 -> 0 | R10: =+$E10*L10 -> 84 | S10: =+$E10*M10 -> 0 | T10: =SUM(N10:S10) -> 168 | Z10: =+T10-E10 -> 0
A11: =+IF(D11>0,1,0) -> 1 | B11: ARC EN CIEL EX LISA ngoyo péage | C11: =IF(B11="","", _xlfn.XLOOKUP(B11, Clients!G:G, Clients!F:F, "Not found") ) -> PNR-00010 | D11: 24 | E11: =D11*7 -> 168 | F11: 46032 | G11: =+IF(A11=1,(+TODAY())-F11,"Sans objet") -> 277 | H11: 0.5 | L11: 0.5 | N11: =+$E11*H11 -> 84 | O11: =+$E11*I11 -> 0 | P11: =+$E11*J11 -> 0 | Q11: =+$E11*K11 -> 0 | R11: =+$E11*L11 -> 84 | S11: =+$E11*M11 -> 0 | T11: =SUM(N11:S11) -> 168 | Z11: =+T11-E11 -> 0
A12: =+IF(D12>0,1,0) -> 1 | B12: ARDOSSON 1 | C12: =IF(B12="","", _xlfn.XLOOKUP(B12, Clients!G:G, Clients!F:F, "Not found") ) -> PNR-00011 | D12: 24 | E12: =D12*7 -> 168 | F12: 46033 | G12: =+IF(A12=1,(+TODAY())-F12,"Sans objet") -> 276 | H12: 0.5 | L12: 0.5 | N12: =+$E12*H12 -> 84 | O12: =+$E12*I12 -> 0 | P12: =+$E12*J12 -> 0 | Q12: =+$E12*K12 -> 0 | R12: =+$E12*L12 -> 84 | S12: =+$E12*M12 -> 0 | T12: =SUM(N12:S12) -> 168 | Z12: =+T12-E12 -> 0
A13: =+IF(D13>0,1,0) -> 1 | B13: ARDOSSON 2 | C13: =IF(B13="","", _xlfn.XLOOKUP(B13, Clients!G:G, Clients!F:F, "Not found") ) -> PNR-00012 | D13: 36 | E13: =D13*7 -> 252 | F13: 46034 | G13: =+IF(A13=1,(+TODAY())-F13,"Sans objet") -> 275 | L13: 0.5 | M13: 0.5 | N13: =+$E13*H13 -> 0 | O13: =+$E13*I13 -> 0 | P13: =+$E13*J13 -> 0 | Q13: =+$E13*K13 -> 0 | R13: =+$E13*L13 -> 126 | S13: =+$E13*M13 -> 126 | T13: =SUM(N13:S13) -> 252 | Z13: =+T13-E13 -> 0
A14: =+IF(D14>0,1,0) -> 1 | B14: ATAKAHYR mayinga | C14: =IF(B14="","", _xlfn.XLOOKUP(B14, Clients!G:G, Clients!F:F, "Not found") ) -> PNR-00013 | D14: 20 | E14: =D14*7 -> 140 | F14: 46035 | G14: =+IF(A14=1,(+TODAY())-F14,"Sans objet") -> 274 | K14: 0.5 | M14: 0.5 | N14: =+$E14*H14 -> 0 | O14: =+$E14*I14 -> 0 | P14: =+$E14*J14 -> 0 | Q14: =+$E14*K14 -> 70 | R14: =+$E14*L14 -> 0 | S14: =+$E14*M14 -> 70 | T14: =SUM(N14:S14) -> 140 | Z14: =+T14-E14 -> 0
A15: =+IF(D15>0,1,0) -> 1 | B15: ATAKALKHAYR fouks | C15: =IF(B15="","", _xlfn.XLOOKUP(B15, Clients!G:G, Clients!F:F, "Not found") ) -> PNR-00014 | D15: 10 | E15: =D15*7 -> 70 | F15: 46036 | G15: =+IF(A15=1,(+TODAY())-F15,"Sans objet") -> 273 | L15: 0.5 | M15: 0.5 | N15: =+$E15*H15 -> 0 | O15: =+$E15*I15 -> 0 | P15: =+$E15*J15 -> 0 | Q15: =+$E15*K15 -> 0 | R15: =+$E15*L15 -> 35 | S15: =+$E15*M15 -> 35 | T15: =SUM(N15:S15) -> 70 | Z15: =+T15-E15 -> 0
A16: =+IF(D16>0,1,0) -> 1 | B16: ATAKALKHAYR loandjili | C16: =IF(B16="","", _xlfn.XLOOKUP(B16, Clients!G:G, Clients!F:F, "Not found") ) -> PNR-00015 | D16: 26 | E16: =D16*7 -> 182 | F16: 46037 | G16: =+IF(A16=1,(+TODAY())-F16,"Sans objet") -> 272 | H16: 0.5 | L16: 0.5 | N16: =+$E16*H16 -> 91 | O16: =+$E16*I16 -> 0 | P16: =+$E16*J16 -> 0 | Q16: =+$E16*K16 -> 0 | R16: =+$E16*L16 -> 91 | S16: =+$E16*M16 -> 0 | T16: =SUM(N16:S16) -> 182 | Z16: =+T16-E16 -> 0
A17: =+IF(D17>0,1,0) -> 1 | B17: AYA fond -tié-tié | C17: =IF(B17="","", _xlfn.XLOOKUP(B17, Clients!G:G, Clients!F:F, "Not found") ) -> PNR-00016 | D17: 26 | E17: =D17*7 -> 182 | F17: 46038 | G17: =+IF(A17=1,(+TODAY())-F17,"Sans objet") -> 271 | J17: 0.5 | L17: 0.5 | N17: =+$E17*H17 -> 0 | O17: =+$E17*I17 -> 0 | P17: =+$E17*J17 -> 91 | Q17: =+$E17*K17 -> 0 | R17: =+$E17*L17 -> 91 | S17: =+$E17*M17 -> 0 | T17: =SUM(N17:S17) -> 182 | Z17: =+T17-E17 -> 0
A18: =+IF(D18>0,1,0) -> 1 | B18: AYOUNE MAKAYABOU | C18: =IF(B18="","", _xlfn.XLOOKUP(B18, Clients!G:G, Clients!F:F, "Not found") ) -> PNR-00017 | D18: 24 | E18: =D18*7 -> 168 | F18: 46039 | G18: =+IF(A18=1,(+TODAY())-F18,"Sans objet") -> 270 | H18: 0.5 | L18: 0.5 | N18: =+$E18*H18 -> 84 | O18: =+$E18*I18 -> 0 | P18: =+$E18*J18 -> 0 | Q18: =+$E18*K18 -> 0 | R18: =+$E18*L18 -> 84 | S18: =+$E18*M18 -> 0 | T18: =SUM(N18:S18) -> 168 | Z18: =+T18-E18 -> 0
A19: =+IF(D19>0,1,0) -> 1 | B19: AZALAYE makulungulu | C19: =IF(B19="","", _xlfn.XLOOKUP(B19, Clients!G:G, Clients!F:F, "Not found") ) -> PNR-00018 | D19: 36 | E19: =D19*7 -> 252 | F19: 46040 | G19: =+IF(A19=1,(+TODAY())-F19,"Sans objet") -> 269 | H19: 0.5 | L19: 0.5 | N19: =+$E19*H19 -> 126 | O19: =+$E19*I19 -> 0 | P19: =+$E19*J19 -> 0 | Q19: =+$E19*K19 -> 0 | R19: =+$E19*L19 -> 126 | S19: =+$E19*M19 -> 0 | T19: =SUM(N19:S19) -> 252 | Z19: =+T19-E19 -> 0
A20: =+IF(D20>0,1,0) -> 1 | B20: BA fond tié-tié gare | C20: =IF(B20="","", _xlfn.XLOOKUP(B20, Clients!G:G, Clients!F:F, "Not found") ) -> PNR-00019 | D20: 28 | E20: =D20*7 -> 196 | F20: 46041 | G20: =+IF(A20=1,(+TODAY())-F20,"Sans objet") -> 268 | H20: 0.75 | L20: 0.25 | N20: =+$E20*H20 -> 147 | O20: =+$E20*I20 -> 0 | P20: =+$E20*J20 -> 0 | Q20: =+$E20*K20 -> 0 | R20: =+$E20*L20 -> 49 | S20: =+$E20*M20 -> 0 | T20: =SUM(N20:S20) -> 196 | Z20: =+T20-E20 -> 0
A21: =+IF(D21>0,1,0) -> 1 | B21: BA fond tié-tié en allant vers voungou | C21: =IF(B21="","", _xlfn.XLOOKUP(B21, Clients!G:G, Clients!F:F, "Not found") ) -> PNR-00020 | D21: 36 | E21: =D21*7 -> 252 | F21: 46042 | G21: =+IF(A21=1,(+TODAY())-F21,"Sans objet") -> 267 | H21: 0.5 | L21: 0.5 | N21: =+$E21*H21 -> 126 | O21: =+$E21*I21 -> 0 | P21: =+$E21*J21 -> 0 | Q21: =+$E21*K21 -> 0 | R21: =+$E21*L21 -> 126 | S21: =+$E21*M21 -> 0 | T21: =SUM(N21:S21) -> 252 | Z21: =+T21-E21 -> 0
A22: =+IF(D22>0,1,0) -> 1 | B22: BA mpaka dalette | C22: =IF(B22="","", _xlfn.XLOOKUP(B22, Clients!G:G, Clients!F:F, "Not found") ) -> PNR-00021 | D22: 28 | E22: =D22*7 -> 196 | F22: 46043 | G22: =+IF(A22=1,(+TODAY())-F22,"Sans objet") -> 266 | H22: 0.5 | M22: 0.5 | N22: =+$E22*H22 -> 98 | O22: =+$E22*I22 -> 0 | P22: =+$E22*J22 -> 0 | Q22: =+$E22*K22 -> 0 | R22: =+$E22*L22 -> 0 | S22: =+$E22*M22 -> 98 | T22: =SUM(N22:S22) -> 196 | Z22: =+T22-E22 -> 0
A23: =+IF(D23>0,1,0) -> 1 | B23: BA mpaka marché LEWILIS | C23: =IF(B23="","", _xlfn.XLOOKUP(B23, Clients!G:G, Clients!F:F, "Not found") ) -> PNR-00022 | D23: 22 | E23: =D23*7 -> 154 | F23: 46044 | G23: =+IF(A23=1,(+TODAY())-F23,"Sans objet") -> 265 | H23: 0.5 | L23: 0.5 | N23: =+$E23*H23 -> 77 | O23: =+$E23*I23 -> 0 | P23: =+$E23*J23 -> 0 | Q23: =+$E23*K23 -> 0 | R23: =+$E23*L23 -> 77 | S23: =+$E23*M23 -> 0 | T23: =SUM(N23:S23) -> 154 | Z23: =+T23-E23 -> 0
A24: =+IF(D24>0,1,0) -> 1 | B24: BA mvoumvou immigration | C24: =IF(B24="","", _xlfn.XLOOKUP(B24, Clients!G:G, Clients!F:F, "Not found") ) -> PNR-00023 | D24: 24 | E24: =D24*7 -> 168 | F24: 46045 | G24: =+IF(A24=1,(+TODAY())-F24,"Sans objet") -> 264 | H24: 0.5 | L24: 0.5 | N24: =+$E24*H24 -> 84 | O24: =+$E24*I24 -> 0 | P24: =+$E24*J24 -> 0 | Q24: =+$E24*K24 -> 0 | R24: =+$E24*L24 -> 84 | S24: =+$E24*M24 -> 0 | T24: =SUM(N24:S24) -> 168 | Z24: =+T24-E24 -> 0
A25: =+IF(D25>0,1,0) -> 1 | B25: BA ngoyo | C25: =IF(B25="","", _xlfn.XLOOKUP(B25, Clients!G:G, Clients!F:F, "Not found") ) -> PNR-00024 | D25: 22 | E25: =D25*7 -> 154 | F25: 46046 | G25: =+IF(A25=1,(+TODAY())-F25,"Sans objet") -> 263 | H25: 0.5 | L25: 0.5 | N25: =+$E25*H25 -> 77 | O25: =+$E25*I25 -> 0 | P25: =+$E25*J25 -> 0 | Q25: =+$E25*K25 -> 0 | R25: =+$E25*L25 -> 77 | S25: =+$E25*M25 -> 0 | T25: =SUM(N25:S25) -> 154 | Z25: =+T25-E25 -> 0
A26: =+IF(D26>0,1,0) -> 0 | B26: BA thyster mongo mpoukou | C26: =IF(B26="","", _xlfn.XLOOKUP(B26, Clients!G:G, Clients!F:F, "Not found") ) -> PNR-00025 | D26: 0 | E26: =D26*7 -> 0 | F26: 46047 | G26: =+IF(A26=1,(+TODAY())-F26,"Sans objet") -> Sans objet | H26: 1 | N26: =+$E26*H26 -> 0 | O26: =+$E26*I26 -> 0 | P26: =+$E26*J26 -> 0 | Q26: =+$E26*K26 -> 0 | R26: =+$E26*L26 -> 0 | S26: =+$E26*M26 -> 0 | T26: =SUM(N26:S26) -> 0 | Z26: =+T26-E26 -> 0
A27: =+IF(D27>0,1,0) -> 1 | B27: BABA.M EX MAKKAH Vindoulou station | C27: =IF(B27="","", _xlfn.XLOOKUP(B27, Clients!G:G, Clients!F:F, "Not found") ) -> PNR-00026 | D27: 26 | E27: =D27*7 -> 182 | F27: 46048 | G27: =+IF(A27=1,(+TODAY())-F27,"Sans objet") -> 261 | H27: 0.5 | K27: 0.5 | N27: =+$E27*H27 -> 91 | O27: =+$E27*I27 -> 0 | P27: =+$E27*J27 -> 0 | Q27: =+$E27*K27 -> 91 | R27: =+$E27*L27 -> 0 | S27: =+$E27*M27 -> 0 | T27: =SUM(N27:S27) -> 182 | Z27: =+T27-E27 -> 0
A28: =+IF(D28>0,1,0) -> 1 | B28: BABA.M EX MAKKAH marché nkounikou1 | C28: =IF(B28="","", _xlfn.XLOOKUP(B28, Clients!G:G, Clients!F:F, "Not found") ) -> PNR-00027 | D28: 26 | E28: =D28*7 -> 182 | F28: 46049 | G28: =+IF(A28=1,(+TODAY())-F28,"Sans objet") -> 260 | H28: 0.75 | M28: 0.25 | N28: =+$E28*H28 -> 136.5 | O28: =+$E28*I28 -> 0 | P28: =+$E28*J28 -> 0 | Q28: =+$E28*K28 -> 0 | R28: =+$E28*L28 -> 0 | S28: =+$E28*M28 -> 45.5 | T28: =SUM(N28:S28) -> 182 | Z28: =+T28-E28 -> 0
A29: =+IF(D29>0,1,0) -> 1 | B29: BAGUETTE D'EXCELLENCE nkouinkou | C29: =IF(B29="","", _xlfn.XLOOKUP(B29, Clients!G:G, Clients!F:F, "Not found") ) -> PNR-00028 | D29: 28 | E29: =D29*7 -> 196 | F29: 46050 | G29: =+IF(A29=1,(+TODAY())-F29,"Sans objet") -> 259 | H29: 0.5 | L29: 0.5 | N29: =+$E29*H29 -> 98 | O29: =+$E29*I29 -> 0 | P29: =+$E29*J29 -> 0 | Q29: =+$E29*K29 -> 0 | R29: =+$E29*L29 -> 98 | S29: =+$E29*M29 -> 0 | T29: =SUM(N29:S29) -> 196 | Z29: =+T29-E29 -> 0
A30: =+IF(D30>0,1,0) -> 1 | B30: BAH ex BMM paka maison blanche | C30: =IF(B30="","", _xlfn.XLOOKUP(B30, Clients!G:G, Clients!F:F, "Not found") ) -> PNR-00029 | D30: 8 | E30: =D30*7 -> 56 | F30: 46051 | G30: =+IF(A30=1,(+TODAY())-F30,"Sans objet") -> 258 | H30: 0.5 | L30: 0.5 | N30: =+$E30*H30 -> 28 | O30: =+$E30*I30 -> 0 | P30: =+$E30*J30 -> 0 | Q30: =+$E30*K30 -> 0 | R30: =+$E30*L30 -> 28 | S30: =+$E30*M30 -> 0 | T30: =SUM(N30:S30) -> 56 | Z30: =+T30-E30 -> 0
A31: =+IF(D31>0,1,0) -> 1 | B31: BAH ex HACEN fond tié-tié | C31: =IF(B31="","", _xlfn.XLOOKUP(B31, Clients!G:G, Clients!F:F, "Not found") ) -> PNR-00030 | D31: 20 | E31: =D31*7 -> 140 | F31: 46052 | G31: =+IF(A31=1,(+TODAY())-F31,"Sans objet") -> 257 | H31: 0.5 | L31: 0.5 | N31: =+$E31*H31 -> 70 | O31: =+$E31*I31 -> 0 | P31: =+$E31*J31 -> 0 | Q31: =+$E31*K31 -> 0 | R31: =+$E31*L31 -> 70 | S31: =+$E31*M31 -> 0 | T31: =SUM(N31:S31) -> 140 | Z31: =+T31-E31 -> 0
A32: =+IF(D32>0,1,0) -> 1 | B32: BAH ex SASI tié tié massola | C32: =IF(B32="","", _xlfn.XLOOKUP(B32, Clients!G:G, Clients!F:F, "Not found") ) -> PNR-00031 | D32: 20 | E32: =D32*7 -> 140 | F32: 46053 | G32: =+IF(A32=1,(+TODAY())-F32,"Sans objet") -> 256 | H32: 0.5 | K32: 0.5 | N32: =+$E32*H32 -> 70 | O32: =+$E32*I32 -> 0 | P32: =+$E32*J32 -> 0 | Q32: =+$E32*K32 -> 70 | R32: =+$E32*L32 -> 0 | S32: =+$E32*M32 -> 0 | T32: =SUM(N32:S32) -> 140 | Z32: =+T32-E32 -> 0
A33: =+IF(D33>0,1,0) -> 1 | B33: BENI EX GORGOL 2 mpaka dalette | C33: =IF(B33="","", _xlfn.XLOOKUP(B33, Clients!G:G, Clients!F:F, "Not found") ) -> PNR-00032 | D33: 40 | E33: =D33*7 -> 280 | F33: 46054 | G33: =+IF(A33=1,(+TODAY())-F33,"Sans objet") -> 255 | H33: 0.5 | K33: 0.5 | N33: =+$E33*H33 -> 140 | O33: =+$E33*I33 -> 0 | P33: =+$E33*J33 -> 0 | Q33: =+$E33*K33 -> 140 | R33: =+$E33*L33 -> 0 | S33: =+$E33*M33 -> 0 | T33: =SUM(N33:S33) -> 280 | Z33: =+T33-E33 -> 0
A34: =+IF(D34>0,1,0) -> 1 | B34: BICLE | C34: =IF(B34="","", _xlfn.XLOOKUP(B34, Clients!G:G, Clients!F:F, "Not found") ) -> PNR-00033 | D34: 36 | E34: =D34*7 -> 252 | F34: 46055 | G34: =+IF(A34=1,(+TODAY())-F34,"Sans objet") -> 254 | H34: 0.5 | K34: 0.5 | N34: =+$E34*H34 -> 126 | O34: =+$E34*I34 -> 0 | P34: =+$E34*J34 -> 0 | Q34: =+$E34*K34 -> 126 | R34: =+$E34*L34 -> 0 | S34: =+$E34*M34 -> 0 | T34: =SUM(N34:S34) -> 252 | Z34: =+T34-E34 -> 0
A35: =+IF(D35>0,1,0) -> 1 | B35: BM EX ELKER WENVIR vindoulou arrêt sapin | C35: =IF(B35="","", _xlfn.XLOOKUP(B35, Clients!G:G, Clients!F:F, "Not found") ) -> PNR-00034 | D35: 22 | E35: =D35*7 -> 154 | F35: 46056 | G35: =+IF(A35=1,(+TODAY())-F35,"Sans objet") -> 253 | H35: 0.5 | L35: 0.5 | N35: =+$E35*H35 -> 77 | O35: =+$E35*I35 -> 0 | P35: =+$E35*J35 -> 0 | Q35: =+$E35*K35 -> 0 | R35: =+$E35*L35 -> 77 | S35: =+$E35*M35 -> 0 | T35: =SUM(N35:S35) -> 154 | Z35: =+T35-E35 -> 0
A36: =+IF(D36>0,1,0) -> 1 | B36: BON CHOIX FOND TIE TIE | C36: =IF(B36="","", _xlfn.XLOOKUP(B36, Clients!G:G, Clients!F:F, "Not found") ) -> PNR-00035 | D36: 6 | E36: =D36*7 -> 42 | F36: 46057 | G36: =+IF(A36=1,(+TODAY())-F36,"Sans objet") -> 252 | H36: 1 | N36: =+$E36*H36 -> 42 | O36: =+$E36*I36 -> 0 | P36: =+$E36*J36 -> 0 | Q36: =+$E36*K36 -> 0 | R36: =+$E36*L36 -> 0 | S36: =+$E36*M36 -> 0 | T36: =SUM(N36:S36) -> 42 | Z36: =+T36-E36 -> 0
A37: =+IF(D37>0,1,0) -> 1 | B37: BON CHOIX ngoyo | C37: =IF(B37="","", _xlfn.XLOOKUP(B37, Clients!G:G, Clients!F:F, "Not found") ) -> PNR-00036 | D37: 22 | E37: =D37*7 -> 154 | F37: 46058 | G37: =+IF(A37=1,(+TODAY())-F37,"Sans objet") -> 251 | K37: 0.5 | M37: 0.5 | N37: =+$E37*H37 -> 0 | O37: =+$E37*I37 -> 0 | P37: =+$E37*J37 -> 0 | Q37: =+$E37*K37 -> 77 | R37: =+$E37*L37 -> 0 | S37: =+$E37*M37 -> 77 | T37: =SUM(N37:S37) -> 154 | Z37: =+T37-E37 -> 0
A38: =+IF(D38>0,1,0) -> 1 | B38: BON CHOIX ex GAZA 2 km4 | C38: =IF(B38="","", _xlfn.XLOOKUP(B38, Clients!G:G, Clients!F:F, "Not found") ) -> PNR-00037 | D38: 10 | E38: =D38*7 -> 70 | F38: 46059 | G38: =+IF(A38=1,(+TODAY())-F38,"Sans objet") -> 250 | H38: 1 | N38: =+$E38*H38 -> 70 | O38: =+$E38*I38 -> 0 | P38: =+$E38*J38 -> 0 | Q38: =+$E38*K38 -> 0 | R38: =+$E38*L38 -> 0 | S38: =+$E38*M38 -> 0 | T38: =SUM(N38:S38) -> 70 | Z38: =+T38-E38 -> 0
A39: =+IF(D39>0,1,0) -> 1 | B39: BON CHOIX tié tié masola | C39: =IF(B39="","", _xlfn.XLOOKUP(B39, Clients!G:G, Clients!F:F, "Not found") ) -> PNR-00038 | D39: 5 | E39: =D39*7 -> 35 | F39: 46060 | G39: =+IF(A39=1,(+TODAY())-F39,"Sans objet") -> 249 | H39: 1 | N39: =+$E39*H39 -> 35 | O39: =+$E39*I39 -> 0 | P39: =+$E39*J39 -> 0 | Q39: =+$E39*K39 -> 0 | R39: =+$E39*L39 -> 0 | S39: =+$E39*M39 -> 0 | T39: =SUM(N39:S39) -> 35 | Z39: =+T39-E39 -> 0
A40: =+IF(D40>0,1,0) -> 1 | B40: BOPAIN Tié-tié Congo Malembé | C40: =IF(B40="","", _xlfn.XLOOKUP(B40, Clients!G:G, Clients!F:F, "Not found") ) -> PNR-00039 | D40: 5 | E40: =D40*7 -> 35 | F40: 46061 | G40: =+IF(A40=1,(+TODAY())-F40,"Sans objet") -> 248 | K40: 1 | N40: =+$E40*H40 -> 0 | O40: =+$E40*I40 -> 0 | P40: =+$E40*J40 -> 0 | Q40: =+$E40*K40 -> 35 | R40: =+$E40*L40 -> 0 | S40: =+$E40*M40 -> 0 | T40: =SUM(N40:S40) -> 35 | Z40: =+T40-E40 -> 0
A41: =+IF(D41>0,1,0) -> 1 | B41: BOUDI mvou-mvou | C41: =IF(B41="","", _xlfn.XLOOKUP(B41, Clients!G:G, Clients!F:F, "Not found") ) -> PNR-00040 | D41: 13 | E41: =D41*7 -> 91 | F41: 46062 | G41: =+IF(A41=1,(+TODAY())-F41,"Sans objet") -> 247 | M41: 1 | N41: =+$E41*H41 -> 0 | O41: =+$E41*I41 -> 0 | P41: =+$E41*J41 -> 0 | Q41: =+$E41*K41 -> 0 | R41: =+$E41*L41 -> 0 | S41: =+$E41*M41 -> 91 | T41: =SUM(N41:S41) -> 91 | Z41: =+T41-E41 -> 0
A42: =+IF(D42>0,1,0) -> 1 | B42: BOULANGERIE 3D | C42: =IF(B42="","", _xlfn.XLOOKUP(B42, Clients!G:G, Clients!F:F, "Not found") ) -> PNR-00041 | D42: 58 | E42: =D42*7 -> 406 | F42: 46063 | G42: =+IF(A42=1,(+TODAY())-F42,"Sans objet") -> 246 | H42: 0.25 | I42: 0.25 | K42: 0.25 | L42: 0.25 | N42: =+$E42*H42 -> 101.5 | O42: =+$E42*I42 -> 101.5 | P42: =+$E42*J42 -> 0 | Q42: =+$E42*K42 -> 101.5 | R42: =+$E42*L42 -> 101.5 | S42: =+$E42*M42 -> 0 | T42: =SUM(N42:S42) -> 406 | Z42: =+T42-E42 -> 0
A43: =+IF(D43>0,1,0) -> 1 | B43: BOULANGERIE DE LA CITE | C43: =IF(B43="","", _xlfn.XLOOKUP(B43, Clients!G:G, Clients!F:F, "Not found") ) -> PNR-00042 | D43: 46 | E43: =D43*7 -> 322 | F43: 46064 | G43: =+IF(A43=1,(+TODAY())-F43,"Sans objet") -> 245 | H43: 0.25 | I43: 0.25 | K43: 0.25 | M43: 0.25 | N43: =+$E43*H43 -> 80.5 | O43: =+$E43*I43 -> 80.5 | P43: =+$E43*J43 -> 0 | Q43: =+$E43*K43 -> 80.5 | R43: =+$E43*L43 -> 0 | S43: =+$E43*M43 -> 80.5 | T43: =SUM(N43:S43) -> 322 | Z43: =+T43-E43 -> 0
A44: =+IF(D44>0,1,0) -> 1 | B44: BOULANGERIE H-J | C44: =IF(B44="","", _xlfn.XLOOKUP(B44, Clients!G:G, Clients!F:F, "Not found") ) -> PNR-00043 | D44: 42 | E44: =D44*7 -> 294 | F44: 46065 | G44: =+IF(A44=1,(+TODAY())-F44,"Sans objet") -> 244 | H44: 0.5 | M44: 0.5 | N44: =+$E44*H44 -> 147 | O44: =+$E44*I44 -> 0 | P44: =+$E44*J44 -> 0 | Q44: =+$E44*K44 -> 0 | R44: =+$E44*L44 -> 0 | S44: =+$E44*M44 -> 147 | T44: =SUM(N44:S44) -> 294 | Z44: =+T44-E44 -> 0
A45: =+IF(D45>0,1,0) -> 1 | B45: BOULANGERIE KONATE | C45: =IF(B45="","", _xlfn.XLOOKUP(B45, Clients!G:G, Clients!F:F, "Not found") ) -> PNR-00044 | D45: 20 | E45: =D45*7 -> 140 | F45: 46066 | G45: =+IF(A45=1,(+TODAY())-F45,"Sans objet") -> 243 | K45: 0.5 | M45: 0.5 | N45: =+$E45*H45 -> 0 | O45: =+$E45*I45 -> 0 | P45: =+$E45*J45 -> 0 | Q45: =+$E45*K45 -> 70 | R45: =+$E45*L45 -> 0 | S45: =+$E45*M45 -> 70 | T45: =SUM(N45:S45) -> 140 | Z45: =+T45-E45 -> 0
A46: =+IF(D46>0,1,0) -> 1 | B46: Boulangerie la baguette | C46: =IF(B46="","", _xlfn.XLOOKUP(B46, Clients!G:G, Clients!F:F, "Not found") ) -> PNR-00045 | D46: 44 | E46: =D46*7 -> 308 | F46: 46067 | G46: =+IF(A46=1,(+TODAY())-F46,"Sans objet") -> 242 | H46: 0.5 | L46: 0.25 | M46: 0.25 | N46: =+$E46*H46 -> 154 | O46: =+$E46*I46 -> 0 | P46: =+$E46*J46 -> 0 | Q46: =+$E46*K46 -> 0 | R46: =+$E46*L46 -> 77 | S46: =+$E46*M46 -> 77 | T46: =SUM(N46:S46) -> 308 | Z46: =+T46-E46 -> 0
A47: =+IF(D47>0,1,0) -> 1 | B47: BOULANGERIE NB VOUNGOU CONTRE RAILS | C47: =IF(B47="","", _xlfn.XLOOKUP(B47, Clients!G:G, Clients!F:F, "Not found") ) -> PNR-00046 | D47: 6 | E47: =D47*7 -> 42 | F47: 46068 | G47: =+IF(A47=1,(+TODAY())-F47,"Sans objet") -> 241 | H47: 1 | N47: =+$E47*H47 -> 42 | O47: =+$E47*I47 -> 0 | P47: =+$E47*J47 -> 0 | Q47: =+$E47*K47 -> 0 | R47: =+$E47*L47 -> 0 | S47: =+$E47*M47 -> 0 | T47: =SUM(N47:S47) -> 42 | Z47: =+T47-E47 -> 0
A48: =+IF(D48>0,1,0) -> 1 | B48: BOULANGERIE STE | C48: =IF(B48="","", _xlfn.XLOOKUP(B48, Clients!G:G, Clients!F:F, "Not found") ) -> PNR-00047 | D48: 12 | E48: =D48*7 -> 84 | F48: 46069 | G48: =+IF(A48=1,(+TODAY())-F48,"Sans objet") -> 240 | K48: 0.5 | M48: 0.5 | N48: =+$E48*H48 -> 0 | O48: =+$E48*I48 -> 0 | P48: =+$E48*J48 -> 0 | Q48: =+$E48*K48 -> 42 | R48: =+$E48*L48 -> 0 | S48: =+$E48*M48 -> 42 | T48: =SUM(N48:S48) -> 84 | Z48: =+T48-E48 -> 0
A49: =+IF(D49>0,1,0) -> 1 | B49: CASA Ets AMITIE ex CONGO2 voungou école primaire | C49: =IF(B49="","", _xlfn.XLOOKUP(B49, Clients!G:G, Clients!F:F, "Not found") ) -> PNR-00048 | D49: 24 | E49: =D49*7 -> 168 | F49: 46070 | G49: =+IF(A49=1,(+TODAY())-F49,"Sans objet") -> 239 | K49: 0.5 | M49: 0.5 | N49: =+$E49*H49 -> 0 | O49: =+$E49*I49 -> 0 | P49: =+$E49*J49 -> 0 | Q49: =+$E49*K49 -> 84 | R49: =+$E49*L49 -> 0 | S49: =+$E49*M49 -> 84 | T49: =SUM(N49:S49) -> 168 | Z49: =+T49-E49 -> 0
A50: =+IF(D50>0,1,0) -> 1 | B50: CELIA ZOLA VOUNGOU | C50: =IF(B50="","", _xlfn.XLOOKUP(B50, Clients!G:G, Clients!F:F, "Not found") ) -> PNR-00049 | D50: 18 | E50: =D50*7 -> 126 | F50: 46071 | G50: =+IF(A50=1,(+TODAY())-F50,"Sans objet") -> 238 | K50: 0.5 | M50: 0.5 | N50: =+$E50*H50 -> 0 | O50: =+$E50*I50 -> 0 | P50: =+$E50*J50 -> 0 | Q50: =+$E50*K50 -> 63 | R50: =+$E50*L50 -> 0 | S50: =+$E50*M50 -> 63 | T50: =SUM(N50:S50) -> 126 | Z50: =+T50-E50 -> 0
A51: =+IF(D51>0,1,0) -> 1 | B51: CHRISTINA kitoko daniel | C51: =IF(B51="","", _xlfn.XLOOKUP(B51, Clients!G:G, Clients!F:F, "Not found") ) -> PNR-00050 | D51: 16 | E51: =D51*7 -> 112 | F51: 46072 | G51: =+IF(A51=1,(+TODAY())-F51,"Sans objet") -> 237 | K51: 0.5 | M51: 0.5 | N51: =+$E51*H51 -> 0 | O51: =+$E51*I51 -> 0 | P51: =+$E51*J51 -> 0 | Q51: =+$E51*K51 -> 56 | R51: =+$E51*L51 -> 0 | S51: =+$E51*M51 -> 56 | T51: =SUM(N51:S51) -> 112 | Z51: =+T51-E51 -> 0
A52: =+IF(D52>0,1,0) -> 1 | B52: CONGO FUTUR moukondo | C52: =IF(B52="","", _xlfn.XLOOKUP(B52, Clients!G:G, Clients!F:F, "Not found") ) -> PNR-00051 | D52: 26 | E52: =D52*7 -> 182 | F52: 46073 | G52: =+IF(A52=1,(+TODAY())-F52,"Sans objet") -> 236 | K52: 0.5 | M52: 0.5 | N52: =+$E52*H52 -> 0 | O52: =+$E52*I52 -> 0 | P52: =+$E52*J52 -> 0 | Q52: =+$E52*K52 -> 91 | R52: =+$E52*L52 -> 0 | S52: =+$E52*M52 -> 91 | T52: =SUM(N52:S52) -> 182 | Z52: =+T52-E52 -> 0
A53: =+IF(D53>0,1,0) -> 1 | B53: CONGO FUTUR arrêt manguier | C53: =IF(B53="","", _xlfn.XLOOKUP(B53, Clients!G:G, Clients!F:F, "Not found") ) -> PNR-00052 | D53: 18 | E53: =D53*7 -> 126 | F53: 46074 | G53: =+IF(A53=1,(+TODAY())-F53,"Sans objet") -> 235 | H53: 0.5 | L53: 0.5 | N53: =+$E53*H53 -> 63 | O53: =+$E53*I53 -> 0 | P53: =+$E53*J53 -> 0 | Q53: =+$E53*K53 -> 0 | R53: =+$E53*L53 -> 63 | S53: =+$E53*M53 -> 0 | T53: =SUM(N53:S53) -> 126 | Z53: =+T53-E53 -> 0
A54: =+IF(D54>0,1,0) -> 1 | B54: CONGO FUTUR carrefour rafinnerie | C54: =IF(B54="","", _xlfn.XLOOKUP(B54, Clients!G:G, Clients!F:F, "Not found") ) -> PNR-00053 | D54: 8 | E54: =D54*7 -> 56 | F54: 46075 | G54: =+IF(A54=1,(+TODAY())-F54,"Sans objet") -> 234 | K54: 1 | N54: =+$E54*H54 -> 0 | O54: =+$E54*I54 -> 0 | P54: =+$E54*J54 -> 0 | Q54: =+$E54*K54 -> 56 | R54: =+$E54*L54 -> 0 | S54: =+$E54*M54 -> 0 | T54: =SUM(N54:S54) -> 56 | Z54: =+T54-E54 -> 0
A55: =+IF(D55>0,1,0) -> 1 | B55: CONGO FUTUR faubourg | C55: =IF(B55="","", _xlfn.XLOOKUP(B55, Clients!G:G, Clients!F:F, "Not found") ) -> PNR-00054 | D55: 30 | E55: =D55*7 -> 210 | F55: 46076 | G55: =+IF(A55=1,(+TODAY())-F55,"Sans objet") -> 233 | I55: 0.5 | M55: 0.5 | N55: =+$E55*H55 -> 0 | O55: =+$E55*I55 -> 105 | P55: =+$E55*J55 -> 0 | Q55: =+$E55*K55 -> 0 | R55: =+$E55*L55 -> 0 | S55: =+$E55*M55 -> 105 | T55: =SUM(N55:S55) -> 210 | Z55: =+T55-E55 -> 0
A56: =+IF(D56>0,1,0) -> 1 | B56: CONGO FUTUR fond tié-tié | C56: =IF(B56="","", _xlfn.XLOOKUP(B56, Clients!G:G, Clients!F:F, "Not found") ) -> PNR-00055 | D56: 38 | E56: =D56*7 -> 266 | F56: 46077 | G56: =+IF(A56=1,(+TODAY())-F56,"Sans objet") -> 232 | H56: 0.5 | I56: 0.25 | M56: 0.25 | N56: =+$E56*H56 -> 133 | O56: =+$E56*I56 -> 66.5 | P56: =+$E56*J56 -> 0 | Q56: =+$E56*K56 -> 0 | R56: =+$E56*L56 -> 0 | S56: =+$E56*M56 -> 66.5 | T56: =SUM(N56:S56) -> 266 | Z56: =+T56-E56 -> 0
A57: =+IF(D57>0,1,0) -> 1 | B57: CONGO FUTUR grand marché | C57: =IF(B57="","", _xlfn.XLOOKUP(B57, Clients!G:G, Clients!F:F, "Not found") ) -> PNR-00056 | D57: 44 | E57: =D57*7 -> 308 | F57: 46078 | G57: =+IF(A57=1,(+TODAY())-F57,"Sans objet") -> 231 | I57: 0.5 | K57: 0.25 | L57: 0.25 | N57: =+$E57*H57 -> 0 | O57: =+$E57*I57 -> 154 | P57: =+$E57*J57 -> 0 | Q57: =+$E57*K57 -> 77 | R57: =+$E57*L57 -> 77 | S57: =+$E57*M57 -> 0 | T57: =SUM(N57:S57) -> 308 | Z57: =+T57-E57 -> 0
A58: =+IF(D58>0,1,0) -> 1 | B58: CONGO FUTUR marché culotte | C58: =IF(B58="","", _xlfn.XLOOKUP(B58, Clients!G:G, Clients!F:F, "Not found") ) -> PNR-00057 | D58: 20 | E58: =D58*7 -> 140 | F58: 46079 | G58: =+IF(A58=1,(+TODAY())-F58,"Sans objet") -> 230 | K58: 0.5 | M58: 0.5 | N58: =+$E58*H58 -> 0 | O58: =+$E58*I58 -> 0 | P58: =+$E58*J58 -> 0 | Q58: =+$E58*K58 -> 70 | R58: =+$E58*L58 -> 0 | S58: =+$E58*M58 -> 70 | T58: =SUM(N58:S58) -> 140 | Z58: =+T58-E58 -> 0
A59: =+IF(D59>0,1,0) -> 1 | B59: CONGO FUTUR paneau 50 | C59: =IF(B59="","", _xlfn.XLOOKUP(B59, Clients!G:G, Clients!F:F, "Not found") ) -> PNR-00058 | D59: 16 | E59: =D59*7 -> 112 | F59: 46080 | G59: =+IF(A59=1,(+TODAY())-F59,"Sans objet") -> 229 | K59: 0.5 | M59: 0.5 | N59: =+$E59*H59 -> 0 | O59: =+$E59*I59 -> 0 | P59: =+$E59*J59 -> 0 | Q59: =+$E59*K59 -> 56 | R59: =+$E59*L59 -> 0 | S59: =+$E59*M59 -> 56 | T59: =SUM(N59:S59) -> 112 | Z59: =+T59-E59 -> 0
A60: =+IF(D60>0,1,0) -> 1 | B60: CONGO FUTUR rafinerie 1er camp | C60: =IF(B60="","", _xlfn.XLOOKUP(B60, Clients!G:G, Clients!F:F, "Not found") ) -> PNR-00059 | D60: 24 | E60: =D60*7 -> 168 | F60: 46081 | G60: =+IF(A60=1,(+TODAY())-F60,"Sans objet") -> 228 | H60: 0.5 | J60: 0.25 | M60: 0.25 | N60: =+$E60*H60 -> 84 | O60: =+$E60*I60 -> 0 | P60: =+$E60*J60 -> 42 | Q60: =+$E60*K60 -> 0 | R60: =+$E60*L60 -> 0 | S60: =+$E60*M60 -> 42 | T60: =SUM(N60:S60) -> 168 | Z60: =+T60-E60 -> 0
A61: =+IF(D61>0,1,0) -> 1 | B61: CONGO FUTUR SIAFOUMOU | C61: =IF(B61="","", _xlfn.XLOOKUP(B61, Clients!G:G, Clients!F:F, "Not found") ) -> PNR-00060 | D61: 28 | E61: =D61*7 -> 196 | F61: 46082 | G61: =+IF(A61=1,(+TODAY())-F61,"Sans objet") -> 227 | L61: 0.5 | M61: 0.5 | N61: =+$E61*H61 -> 0 | O61: =+$E61*I61 -> 0 | P61: =+$E61*J61 -> 0 | Q61: =+$E61*K61 -> 0 | R61: =+$E61*L61 -> 98 | S61: =+$E61*M61 -> 98 | T61: =SUM(N61:S61) -> 196 | Z61: =+T61-E61 -> 0
A62: =+IF(D62>0,1,0) -> 1 | B62: CONGO FUTUR terre jaune | C62: =IF(B62="","", _xlfn.XLOOKUP(B62, Clients!G:G, Clients!F:F, "Not found") ) -> PNR-00061 | D62: 36 | E62: =D62*7 -> 252 | F62: 46083 | G62: =+IF(A62=1,(+TODAY())-F62,"Sans objet") -> 226 | L62: 0.5 | M62: 0.5 | N62: =+$E62*H62 -> 0 | O62: =+$E62*I62 -> 0 | P62: =+$E62*J62 -> 0 | Q62: =+$E62*K62 -> 0 | R62: =+$E62*L62 -> 126 | S62: =+$E62*M62 -> 126 | T62: =SUM(N62:S62) -> 252 | Z62: =+T62-E62 -> 0
A63: =+IF(D63>0,1,0) -> 1 | B63: CONGO RIM patra | C63: =IF(B63="","", _xlfn.XLOOKUP(B63, Clients!G:G, Clients!F:F, "Not found") ) -> PNR-00062 | D63: 26 | E63: =D63*7 -> 182 | F63: 46084 | G63: =+IF(A63=1,(+TODAY())-F63,"Sans objet") -> 225 | L63: 0.5 | M63: 0.5 | N63: =+$E63*H63 -> 0 | O63: =+$E63*I63 -> 0 | P63: =+$E63*J63 -> 0 | Q63: =+$E63*K63 -> 0 | R63: =+$E63*L63 -> 91 | S63: =+$E63*M63 -> 91 | T63: =SUM(N63:S63) -> 182 | Z63: =+T63-E63 -> 0
A64: =+IF(D64>0,1,0) -> 1 | B64: CONTINENT | C64: =IF(B64="","", _xlfn.XLOOKUP(B64, Clients!G:G, Clients!F:F, "Not found") ) -> PNR-00063 | D64: 24 | E64: =D64*7 -> 168 | F64: 46085 | G64: =+IF(A64=1,(+TODAY())-F64,"Sans objet") -> 224 | H64: 0.5 | K64: 0.5 | N64: =+$E64*H64 -> 84 | O64: =+$E64*I64 -> 0 | P64: =+$E64*J64 -> 0 | Q64: =+$E64*K64 -> 84 | R64: =+$E64*L64 -> 0 | S64: =+$E64*M64 -> 0 | T64: =SUM(N64:S64) -> 168 | Z64: =+T64-E64 -> 0
A65: =+IF(D65>0,1,0) -> 1 | B65: EL ATIGH mengo péage | C65: =IF(B65="","", _xlfn.XLOOKUP(B65, Clients!G:G, Clients!F:F, "Not found") ) -> PNR-00064 | D65: 24 | E65: =D65*7 -> 168 | F65: 46086 | G65: =+IF(A65=1,(+TODAY())-F65,"Sans objet") -> 223 | K65: 0.5 | M65: 0.5 | N65: =+$E65*H65 -> 0 | O65: =+$E65*I65 -> 0 | P65: =+$E65*J65 -> 0 | Q65: =+$E65*K65 -> 84 | R65: =+$E65*L65 -> 0 | S65: =+$E65*M65 -> 84 | T65: =SUM(N65:S65) -> 168 | Z65: =+T65-E65 -> 0
A66: =+IF(D66>0,1,0) -> 1 | B66: EL HAMDE 2 EX LALA thyster extension | C66: =IF(B66="","", _xlfn.XLOOKUP(B66, Clients!G:G, Clients!F:F, "Not found") ) -> PNR-00065 | D66: 30 | E66: =D66*7 -> 210 | F66: 46087 | G66: =+IF(A66=1,(+TODAY())-F66,"Sans objet") -> 222 | H66: 0.5 | L66: 0.5 | N66: =+$E66*H66 -> 105 | O66: =+$E66*I66 -> 0 | P66: =+$E66*J66 -> 0 | Q66: =+$E66*K66 -> 0 | R66: =+$E66*L66 -> 105 | S66: =+$E66*M66 -> 0 | T66: =SUM(N66:S66) -> 210 | Z66: =+T66-E66 -> 0
A67: =+IF(D67>0,1,0) -> 1 | B67: EL HAMDE 3 EX LALA thyster extension | C67: =IF(B67="","", _xlfn.XLOOKUP(B67, Clients!G:G, Clients!F:F, "Not found") ) -> PNR-00066 | D67: 22 | E67: =D67*7 -> 154 | F67: 46088 | G67: =+IF(A67=1,(+TODAY())-F67,"Sans objet") -> 221 | K67: 1 | N67: =+$E67*H67 -> 0 | O67: =+$E67*I67 -> 0 | P67: =+$E67*J67 -> 0 | Q67: =+$E67*K67 -> 154 | R67: =+$E67*L67 -> 0 | S67: =+$E67*M67 -> 0 | T67: =SUM(N67:S67) -> 154 | Z67: =+T67-E67 -> 0
A68: =+IF(D68>0,1,0) -> 1 | B68: EL HAMDE EX LALA thyster | C68: =IF(B68="","", _xlfn.XLOOKUP(B68, Clients!G:G, Clients!F:F, "Not found") ) -> PNR-00067 | D68: 24 | E68: =D68*7 -> 168 | F68: 46089 | G68: =+IF(A68=1,(+TODAY())-F68,"Sans objet") -> 220 | H68: 0.5 | L68: 0.5 | N68: =+$E68*H68 -> 84 | O68: =+$E68*I68 -> 0 | P68: =+$E68*J68 -> 0 | Q68: =+$E68*K68 -> 0 | R68: =+$E68*L68 -> 84 | S68: =+$E68*M68 -> 0 | T68: =SUM(N68:S68) -> 168 | Z68: =+T68-E68 -> 0
A69: =+IF(D69>0,1,0) -> 1 | B69: EL MONA fond tié-tié | C69: =IF(B69="","", _xlfn.XLOOKUP(B69, Clients!G:G, Clients!F:F, "Not found") ) -> PNR-00068 | D69: 22 | E69: =D69*7 -> 154 | F69: 46090 | G69: =+IF(A69=1,(+TODAY())-F69,"Sans objet") -> 219 | L69: 0.5 | M69: 0.5 | N69: =+$E69*H69 -> 0 | O69: =+$E69*I69 -> 0 | P69: =+$E69*J69 -> 0 | Q69: =+$E69*K69 -> 0 | R69: =+$E69*L69 -> 77 | S69: =+$E69*M69 -> 77 | T69: =SUM(N69:S69) -> 154 | Z69: =+T69-E69 -> 0
A70: =+IF(D70>0,1,0) -> 1 | B70: EL MONA tié tié masola | C70: =IF(B70="","", _xlfn.XLOOKUP(B70, Clients!G:G, Clients!F:F, "Not found") ) -> PNR-00069 | D70: 22 | E70: =D70*7 -> 154 | F70: 46091 | G70: =+IF(A70=1,(+TODAY())-F70,"Sans objet") -> 218 | H70: 0.5 | M70: 0.5 | N70: =+$E70*H70 -> 77 | O70: =+$E70*I70 -> 0 | P70: =+$E70*J70 -> 0 | Q70: =+$E70*K70 -> 0 | R70: =+$E70*L70 -> 0 | S70: =+$E70*M70 -> 77 | T70: =SUM(N70:S70) -> 154 | Z70: =+T70-E70 -> 0
A71: =+IF(D71>0,1,0) -> 1 | B71: EL WAVA vindoulou | C71: =IF(B71="","", _xlfn.XLOOKUP(B71, Clients!G:G, Clients!F:F, "Not found") ) -> PNR-00070 | D71: 22 | E71: =D71*7 -> 154 | F71: 46092 | G71: =+IF(A71=1,(+TODAY())-F71,"Sans objet") -> 217 | L71: 1 | N71: =+$E71*H71 -> 0 | O71: =+$E71*I71 -> 0 | P71: =+$E71*J71 -> 0 | Q71: =+$E71*K71 -> 0 | R71: =+$E71*L71 -> 154 | S71: =+$E71*M71 -> 0 | T71: =SUM(N71:S71) -> 154 | Z71: =+T71-E71 -> 0
A72: =+IF(D72>0,1,0) -> 1 | B72: ELKOUZ marché faubourg | C72: =IF(B72="","", _xlfn.XLOOKUP(B72, Clients!G:G, Clients!F:F, "Not found") ) -> PNR-00071 | D72: 22 | E72: =D72*7 -> 154 | F72: 46093 | G72: =+IF(A72=1,(+TODAY())-F72,"Sans objet") -> 216 | J72: 0.5 | K72: 0.5 | N72: =+$E72*H72 -> 0 | O72: =+$E72*I72 -> 0 | P72: =+$E72*J72 -> 77 | Q72: =+$E72*K72 -> 77 | R72: =+$E72*L72 -> 0 | S72: =+$E72*M72 -> 0 | T72: =SUM(N72:S72) -> 154 | Z72: =+T72-E72 -> 0
A73: =+IF(D73>0,1,0) -> 1 | B73: ELVETH/ EX CONGO RIM patra | C73: =IF(B73="","", _xlfn.XLOOKUP(B73, Clients!G:G, Clients!F:F, "Not found") ) -> PNR-00072 | D73: 22 | E73: =D73*7 -> 154 | F73: 46094 | G73: =+IF(A73=1,(+TODAY())-F73,"Sans objet") -> 215 | H73: 0.5 | K73: 0.5 | N73: =+$E73*H73 -> 77 | O73: =+$E73*I73 -> 0 | P73: =+$E73*J73 -> 0 | Q73: =+$E73*K73 -> 77 | R73: =+$E73*L73 -> 0 | S73: =+$E73*M73 -> 0 | T73: =SUM(N73:S73) -> 154 | Z73: =+T73-E73 -> 0
A74: =+IF(D74>0,1,0) -> 1 | B74: ELVOZ INCHALLA mbota | C74: =IF(B74="","", _xlfn.XLOOKUP(B74, Clients!G:G, Clients!F:F, "Not found") ) -> PNR-00073 | D74: 22 | E74: =D74*7 -> 154 | F74: 46095 | G74: =+IF(A74=1,(+TODAY())-F74,"Sans objet") -> 214 | H74: 0.5 | L74: 0.5 | N74: =+$E74*H74 -> 77 | O74: =+$E74*I74 -> 0 | P74: =+$E74*J74 -> 0 | Q74: =+$E74*K74 -> 0 | R74: =+$E74*L74 -> 77 | S74: =+$E74*M74 -> 0 | T74: =SUM(N74:S74) -> 154 | Z74: =+T74-E74 -> 0
A75: =+IF(D75>0,1,0) -> 1 | B75: EMEL 2 | C75: =IF(B75="","", _xlfn.XLOOKUP(B75, Clients!G:G, Clients!F:F, "Not found") ) -> PNR-00074 | D75: 26 | E75: =D75*7 -> 182 | F75: 46096 | G75: =+IF(A75=1,(+TODAY())-F75,"Sans objet") -> 213 | L75: 1 | N75: =+$E75*H75 -> 0 | O75: =+$E75*I75 -> 0 | P75: =+$E75*J75 -> 0 | Q75: =+$E75*K75 -> 0 | R75: =+$E75*L75 -> 182 | S75: =+$E75*M75 -> 0 | T75: =SUM(N75:S75) -> 182 | Z75: =+T75-E75 -> 0
A76: =+IF(D76>0,1,0) -> 1 | B76: ESPACE DE LA PROMESSE | C76: =IF(B76="","", _xlfn.XLOOKUP(B76, Clients!G:G, Clients!F:F, "Not found") ) -> PNR-00075 | D76: 22 | E76: =D76*7 -> 154 | F76: 46097 | G76: =+IF(A76=1,(+TODAY())-F76,"Sans objet") -> 212 | H76: 0.25 | K76: 0.25 | L76: 0.5 | N76: =+$E76*H76 -> 38.5 | O76: =+$E76*I76 -> 0 | P76: =+$E76*J76 -> 0 | Q76: =+$E76*K76 -> 38.5 | R76: =+$E76*L76 -> 77 | S76: =+$E76*M76 -> 0 | T76: =SUM(N76:S76) -> 154 | Z76: =+T76-E76 -> 0
A77: =+IF(D77>0,1,0) -> 1 | B77: ETOILE D'OR grand marché resto gaspard | C77: =IF(B77="","", _xlfn.XLOOKUP(B77, Clients!G:G, Clients!F:F, "Not found") ) -> PNR-00076 | D77: 10 | E77: =D77*7 -> 70 | F77: 46098 | G77: =+IF(A77=1,(+TODAY())-F77,"Sans objet") -> 211 | K77: 0.5 | M77: 0.5 | N77: =+$E77*H77 -> 0 | O77: =+$E77*I77 -> 0 | P77: =+$E77*J77 -> 0 | Q77: =+$E77*K77 -> 35 | R77: =+$E77*L77 -> 0 | S77: =+$E77*M77 -> 35 | T77: =SUM(N77:S77) -> 70 | Z77: =+T77-E77 -> 0
A78: =+IF(D78>0,1,0) -> 1 | B78: ETOILE DU CONGO DE MBOTA ROCK | C78: =IF(B78="","", _xlfn.XLOOKUP(B78, Clients!G:G, Clients!F:F, "Not found") ) -> PNR-00077 | D78: 24 | E78: =D78*7 -> 168 | F78: 46099 | G78: =+IF(A78=1,(+TODAY())-F78,"Sans objet") -> 210 | H78: 0.5 | M78: 0.5 | N78: =+$E78*H78 -> 84 | O78: =+$E78*I78 -> 0 | P78: =+$E78*J78 -> 0 | Q78: =+$E78*K78 -> 0 | R78: =+$E78*L78 -> 0 | S78: =+$E78*M78 -> 84 | T78: =SUM(N78:S78) -> 168 | Z78: =+T78-E78 -> 0
A79: =+IF(D79>0,1,0) -> 1 | B79: ETOILE DU CONGO GAZ GAZ | C79: =IF(B79="","", _xlfn.XLOOKUP(B79, Clients!G:G, Clients!F:F, "Not found") ) -> PNR-00078 | D79: 6 | E79: =D79*7 -> 42 | F79: 46100 | G79: =+IF(A79=1,(+TODAY())-F79,"Sans objet") -> 209 | H79: 0.5 | M79: 0.5 | N79: =+$E79*H79 -> 21 | O79: =+$E79*I79 -> 0 | P79: =+$E79*J79 -> 0 | Q79: =+$E79*K79 -> 0 | R79: =+$E79*L79 -> 0 | S79: =+$E79*M79 -> 21 | T79: =SUM(N79:S79) -> 42 | Z79: =+T79-E79 -> 0
A80: =+IF(D80>0,1,0) -> 1 | B80: ETOILE DU CONGO mbota | C80: =IF(B80="","", _xlfn.XLOOKUP(B80, Clients!G:G, Clients!F:F, "Not found") ) -> PNR-00079 | D80: 30 | E80: =D80*7 -> 210 | F80: 46101 | G80: =+IF(A80=1,(+TODAY())-F80,"Sans objet") -> 208 | H80: 0.75 | K80: 0.25 | N80: =+$E80*H80 -> 157.5 | O80: =+$E80*I80 -> 0 | P80: =+$E80*J80 -> 0 | Q80: =+$E80*K80 -> 52.5 | R80: =+$E80*L80 -> 0 | S80: =+$E80*M80 -> 0 | T80: =SUM(N80:S80) -> 210 | Z80: =+T80-E80 -> 0
A81: =+IF(D81>0,1,0) -> 1 | B81: ETOILE DU CONGO Ngofo | C81: =IF(B81="","", _xlfn.XLOOKUP(B81, Clients!G:G, Clients!F:F, "Not found") ) -> PNR-00080 | D81: 12 | E81: =D81*7 -> 84 | F81: 46102 | G81: =+IF(A81=1,(+TODAY())-F81,"Sans objet") -> 207 | K81: 1 | N81: =+$E81*H81 -> 0 | O81: =+$E81*I81 -> 0 | P81: =+$E81*J81 -> 0 | Q81: =+$E81*K81 -> 84 | R81: =+$E81*L81 -> 0 | S81: =+$E81*M81 -> 0 | T81: =SUM(N81:S81) -> 84 | Z81: =+T81-E81 -> 0
A82: =+IF(D82>0,1,0) -> 1 | B82: ETOILE DU MATIN VOUNGOU | C82: =IF(B82="","", _xlfn.XLOOKUP(B82, Clients!G:G, Clients!F:F, "Not found") ) -> PNR-00081 | D82: 20 | E82: =D82*7 -> 140 | F82: 46103 | G82: =+IF(A82=1,(+TODAY())-F82,"Sans objet") -> 206 | J82: 0.25 | K82: 0.25 | M82: 0.5 | N82: =+$E82*H82 -> 0 | O82: =+$E82*I82 -> 0 | P82: =+$E82*J82 -> 35 | Q82: =+$E82*K82 -> 35 | R82: =+$E82*L82 -> 0 | S82: =+$E82*M82 -> 70 | T82: =SUM(N82:S82) -> 140 | Z82: =+T82-E82 -> 0
A83: =+IF(D83>0,1,0) -> 1 | B83: Ets AMITIE ex BAGDAD1 grand marché révolution | C83: =IF(B83="","", _xlfn.XLOOKUP(B83, Clients!G:G, Clients!F:F, "Not found") ) -> PNR-00082 | D83: 30 | E83: =D83*7 -> 210 | F83: 46104 | G83: =+IF(A83=1,(+TODAY())-F83,"Sans objet") -> 205 | K83: 0.5 | M83: 0.5 | N83: =+$E83*H83 -> 0 | O83: =+$E83*I83 -> 0 | P83: =+$E83*J83 -> 0 | Q83: =+$E83*K83 -> 105 | R83: =+$E83*L83 -> 0 | S83: =+$E83*M83 -> 105 | T83: =SUM(N83:S83) -> 210 | Z83: =+T83-E83 -> 0
A84: =+IF(D84>0,1,0) -> 1 | B84: Ets AMITIE ex BAGDAD2 Rex grand marché | C84: =IF(B84="","", _xlfn.XLOOKUP(B84, Clients!G:G, Clients!F:F, "Not found") ) -> PNR-00083 | D84: 28 | E84: =D84*7 -> 196 | F84: 46105 | G84: =+IF(A84=1,(+TODAY())-F84,"Sans objet") -> 204 | K84: 1 | N84: =+$E84*H84 -> 0 | O84: =+$E84*I84 -> 0 | P84: =+$E84*J84 -> 0 | Q84: =+$E84*K84 -> 196 | R84: =+$E84*L84 -> 0 | S84: =+$E84*M84 -> 0 | T84: =SUM(N84:S84) -> 196 | Z84: =+T84-E84 -> 0
A85: =+IF(D85>0,1,0) -> 1 | B85: Ets AMITIE ex BONNE CHANCE nkouinkou dénisia | C85: =IF(B85="","", _xlfn.XLOOKUP(B85, Clients!G:G, Clients!F:F, "Not found") ) -> PNR-00084 | D85: 24 | E85: =D85*7 -> 168 | F85: 46106 | G85: =+IF(A85=1,(+TODAY())-F85,"Sans objet") -> 203 | M85: 1 | N85: =+$E85*H85 -> 0 | O85: =+$E85*I85 -> 0 | P85: =+$E85*J85 -> 0 | Q85: =+$E85*K85 -> 0 | R85: =+$E85*L85 -> 0 | S85: =+$E85*M85 -> 168 | T85: =SUM(N85:S85) -> 168 | Z85: =+T85-E85 -> 0
A86: =+IF(D86>0,1,0) -> 1 | B86: Ets AMITIE ex CONGO1 kitoko daniel | C86: =IF(B86="","", _xlfn.XLOOKUP(B86, Clients!G:G, Clients!F:F, "Not found") ) -> PNR-00085 | D86: 25 | E86: =D86*7 -> 175 | F86: 46107 | G86: =+IF(A86=1,(+TODAY())-F86,"Sans objet") -> 202 | M86: 1 | N86: =+$E86*H86 -> 0 | O86: =+$E86*I86 -> 0 | P86: =+$E86*J86 -> 0 | Q86: =+$E86*K86 -> 0 | R86: =+$E86*L86 -> 0 | S86: =+$E86*M86 -> 175 | T86: =SUM(N86:S86) -> 175 | Z86: =+T86-E86 -> 0
A87: =+IF(D87>0,1,0) -> 1 | B87: ETS SEMAH VOUNGOU ARRET ECOLE | C87: =IF(B87="","", _xlfn.XLOOKUP(B87, Clients!G:G, Clients!F:F, "Not found") ) -> PNR-00086 | D87: 22 | E87: =D87*7 -> 154 | F87: 46108 | G87: =+IF(A87=1,(+TODAY())-F87,"Sans objet") -> 201 | M87: 1 | N87: =+$E87*H87 -> 0 | O87: =+$E87*I87 -> 0 | P87: =+$E87*J87 -> 0 | Q87: =+$E87*K87 -> 0 | R87: =+$E87*L87 -> 0 | S87: =+$E87*M87 -> 154 | T87: =SUM(N87:S87) -> 154 | Z87: =+T87-E87 -> 0
A88: =+IF(D88>0,1,0) -> 1 | B88: FALL 2 avant marche mbota | C88: =IF(B88="","", _xlfn.XLOOKUP(B88, Clients!G:G, Clients!F:F, "Not found") ) -> PNR-00087 | D88: 26 | E88: =D88*7 -> 182 | F88: 46109 | G88: =+IF(A88=1,(+TODAY())-F88,"Sans objet") -> 200 | K88: 0.5 | M88: 0.5 | N88: =+$E88*H88 -> 0 | O88: =+$E88*I88 -> 0 | P88: =+$E88*J88 -> 0 | Q88: =+$E88*K88 -> 91 | R88: =+$E88*L88 -> 0 | S88: =+$E88*M88 -> 91 | T88: =SUM(N88:S88) -> 182 | Z88: =+T88-E88 -> 0
A89: =+IF(D89>0,1,0) -> 1 | B89: FALL 2 ex elemele2 | C89: =IF(B89="","", _xlfn.XLOOKUP(B89, Clients!G:G, Clients!F:F, "Not found") ) -> PNR-00088 | D89: 32 | E89: =D89*7 -> 224 | F89: 46110 | G89: =+IF(A89=1,(+TODAY())-F89,"Sans objet") -> 199 | K89: 0.5 | L89: 0.5 | N89: =+$E89*H89 -> 0 | O89: =+$E89*I89 -> 0 | P89: =+$E89*J89 -> 0 | Q89: =+$E89*K89 -> 112 | R89: =+$E89*L89 -> 112 | S89: =+$E89*M89 -> 0 | T89: =SUM(N89:S89) -> 224 | Z89: =+T89-E89 -> 0
A90: =+IF(D90>0,1,0) -> 1 | B90: FALL paka pascal | C90: =IF(B90="","", _xlfn.XLOOKUP(B90, Clients!G:G, Clients!F:F, "Not found") ) -> PNR-00089 | D90: 20 | E90: =D90*7 -> 140 | F90: 46111 | G90: =+IF(A90=1,(+TODAY())-F90,"Sans objet") -> 198 | K90: 0.25 | L90: 0.25 | M90: 0.5 | N90: =+$E90*H90 -> 0 | O90: =+$E90*I90 -> 0 | P90: =+$E90*J90 -> 0 | Q90: =+$E90*K90 -> 35 | R90: =+$E90*L90 -> 35 | S90: =+$E90*M90 -> 70 | T90: =SUM(N90:S90) -> 140 | Z90: =+T90-E90 -> 0
A91: =+IF(D91>0,1,0) -> 1 | B91: FAVEUR NGOYO CENTRAL 2 | C91: =IF(B91="","", _xlfn.XLOOKUP(B91, Clients!G:G, Clients!F:F, "Not found") ) -> PNR-00090 | D91: 20 | E91: =D91*7 -> 140 | F91: 46112 | G91: =+IF(A91=1,(+TODAY())-F91,"Sans objet") -> 197 | K91: 0.5 | L91: 0.5 | N91: =+$E91*H91 -> 0 | O91: =+$E91*I91 -> 0 | P91: =+$E91*J91 -> 0 | Q91: =+$E91*K91 -> 70 | R91: =+$E91*L91 -> 70 | S91: =+$E91*M91 -> 0 | T91: =SUM(N91:S91) -> 140 | Z91: =+T91-E91 -> 0
A92: =+IF(D92>0,1,0) -> 1 | B92: FAVEUR NGOYO LA FERME | C92: =IF(B92="","", _xlfn.XLOOKUP(B92, Clients!G:G, Clients!F:F, "Not found") ) -> PNR-00091 | D92: 28 | E92: =D92*7 -> 196 | F92: 46113 | G92: =+IF(A92=1,(+TODAY())-F92,"Sans objet") -> 196 | M92: 1 | N92: =+$E92*H92 -> 0 | O92: =+$E92*I92 -> 0 | P92: =+$E92*J92 -> 0 | Q92: =+$E92*K92 -> 0 | R92: =+$E92*L92 -> 0 | S92: =+$E92*M92 -> 196 | T92: =SUM(N92:S92) -> 196 | Z92: =+T92-E92 -> 0
A93: =+IF(D93>0,1,0) -> 1 | B93: FAVEUR2 loandjili | C93: =IF(B93="","", _xlfn.XLOOKUP(B93, Clients!G:G, Clients!F:F, "Not found") ) -> PNR-00092 | D93: 20 | E93: =D93*7 -> 140 | F93: 46114 | G93: =+IF(A93=1,(+TODAY())-F93,"Sans objet") -> 195 | H93: 0.5 | J93: 0.25 | L93: 0.25 | N93: =+$E93*H93 -> 70 | O93: =+$E93*I93 -> 0 | P93: =+$E93*J93 -> 35 | Q93: =+$E93*K93 -> 0 | R93: =+$E93*L93 -> 35 | S93: =+$E93*M93 -> 0 | T93: =SUM(N93:S93) -> 140 | Z93: =+T93-E93 -> 0
A94: =+IF(D94>0,1,0) -> 1 | B94: FAVEUR2 NKOUIKOU | C94: =IF(B94="","", _xlfn.XLOOKUP(B94, Clients!G:G, Clients!F:F, "Not found") ) -> PNR-00093 | D94: 36 | E94: =D94*7 -> 252 | F94: 46115 | G94: =+IF(A94=1,(+TODAY())-F94,"Sans objet") -> 194 | K94: 0.5 | L94: 0.5 | N94: =+$E94*H94 -> 0 | O94: =+$E94*I94 -> 0 | P94: =+$E94*J94 -> 0 | Q94: =+$E94*K94 -> 126 | R94: =+$E94*L94 -> 126 | S94: =+$E94*M94 -> 0 | T94: =SUM(N94:S94) -> 252 | Z94: =+T94-E94 -> 0
A95: =+IF(D95>0,1,0) -> 1 | B95: GANGA tié-tié coumapan | C95: =IF(B95="","", _xlfn.XLOOKUP(B95, Clients!G:G, Clients!F:F, "Not found") ) -> PNR-00094 | D95: 3 | E95: =D95*7 -> 21 | F95: 46116 | G95: =+IF(A95=1,(+TODAY())-F95,"Sans objet") -> 193 | K95: 1 | N95: =+$E95*H95 -> 0 | O95: =+$E95*I95 -> 0 | P95: =+$E95*J95 -> 0 | Q95: =+$E95*K95 -> 21 | R95: =+$E95*L95 -> 0 | S95: =+$E95*M95 -> 0 | T95: =SUM(N95:S95) -> 21 | Z95: =+T95-E95 -> 0
A96: =+IF(D96>0,1,0) -> 1 | B96: GATEAUX D'ANNIVERSAIRE STE tchialli | C96: =IF(B96="","", _xlfn.XLOOKUP(B96, Clients!G:G, Clients!F:F, "Not found") ) -> PNR-00095 | D96: 3 | E96: =D96*7 -> 21 | F96: 46117 | G96: =+IF(A96=1,(+TODAY())-F96,"Sans objet") -> 192 | K96: 1 | N96: =+$E96*H96 -> 0 | O96: =+$E96*I96 -> 0 | P96: =+$E96*J96 -> 0 | Q96: =+$E96*K96 -> 21 | R96: =+$E96*L96 -> 0 | S96: =+$E96*M96 -> 0 | T96: =SUM(N96:S96) -> 21 | Z96: =+T96-E96 -> 0
A97: =+IF(D97>0,1,0) -> 1 | B97: GIRMA | C97: =IF(B97="","", _xlfn.XLOOKUP(B97, Clients!G:G, Clients!F:F, "Not found") ) -> PNR-00096 | D97: 26 | E97: =D97*7 -> 182 | F97: 46118 | G97: =+IF(A97=1,(+TODAY())-F97,"Sans objet") -> 191 | H97: 0.75 | L97: 0.25 | N97: =+$E97*H97 -> 136.5 | O97: =+$E97*I97 -> 0 | P97: =+$E97*J97 -> 0 | Q97: =+$E97*K97 -> 0 | R97: =+$E97*L97 -> 45.5 | S97: =+$E97*M97 -> 0 | T97: =SUM(N97:S97) -> 182 | Z97: =+T97-E97 -> 0
A98: =+IF(D98>0,1,0) -> 1 | B98: GORGOL 2 mpaka dalette | C98: =IF(B98="","", _xlfn.XLOOKUP(B98, Clients!G:G, Clients!F:F, "Not found") ) -> PNR-00097 | D98: 12 | E98: =D98*7 -> 84 | F98: 46119 | G98: =+IF(A98=1,(+TODAY())-F98,"Sans objet") -> 190 | H98: 1 | N98: =+$E98*H98 -> 84 | O98: =+$E98*I98 -> 0 | P98: =+$E98*J98 -> 0 | Q98: =+$E98*K98 -> 0 | R98: =+$E98*L98 -> 0 | S98: =+$E98*M98 -> 0 | T98: =SUM(N98:S98) -> 84 | Z98: =+T98-E98 -> 0
A99: =+IF(D99>0,1,0) -> 1 | B99: GORGOL1 ngoyo | C99: =IF(B99="","", _xlfn.XLOOKUP(B99, Clients!G:G, Clients!F:F, "Not found") ) -> PNR-00098 | D99: 8 | E99: =D99*7 -> 56 | F99: 46120 | G99: =+IF(A99=1,(+TODAY())-F99,"Sans objet") -> 189 | H99: 1 | N99: =+$E99*H99 -> 56 | O99: =+$E99*I99 -> 0 | P99: =+$E99*J99 -> 0 | Q99: =+$E99*K99 -> 0 | R99: =+$E99*L99 -> 0 | S99: =+$E99*M99 -> 0 | T99: =SUM(N99:S99) -> 56 | Z99: =+T99-E99 -> 0
A100: =+IF(D100>0,1,0) -> 1 | B100: GORGOL1 ngoyo | C100: =IF(B100="","", _xlfn.XLOOKUP(B100, Clients!G:G, Clients!F:F, "Not found") ) -> PNR-00098 | D100: 10 | E100: =D100*7 -> 70 | F100: 46121 | G100: =+IF(A100=1,(+TODAY())-F100,"Sans objet") -> 188 | M100: 1 | N100: =+$E100*H100 -> 0 | O100: =+$E100*I100 -> 0 | P100: =+$E100*J100 -> 0 | Q100: =+$E100*K100 -> 0 | R100: =+$E100*L100 -> 0 | S100: =+$E100*M100 -> 70 | T100: =SUM(N100:S100) -> 70 | Z100: =+T100-E100 -> 0
...

Sheet PDM 2026
A1: Week | B1: Minoco | C1: Fanta | D1: GMPN | E1: GMK | F1: SGMP | G1: MFB | H1: GMC
A2: 6 | B2: 0.3565445 | C2: 0.097033159 | D2: =SUM(B2:C2) -> 0.45357766 | E2: 0.087609075 | F2: 0.1460733 | G2: 0.10575916 | H2: 0.2069808 | I2: 1
A3: 7 | B3: 0.31935143 | C3: 0.090236165 | D3: =SUM(B3:C3) -> 0.40958759 | E3: 0.09693338 | F3: 0.13447303 | G3: 0.14663377 | H3: 0.21237222 | I3: 1
A4: 8 | B4: 0.31935143 | C4: 0.090236165 | D4: =SUM(B4:C4) -> 0.40958759 | E4: 0.09693338 | F4: 0.13447303 | G4: 0.14663377 | H4: 0.21237222 | I4: 1
A5: 9 | B5: 0.34106769 | C5: 0.077808793 | D5: =SUM(B5:C5) -> 0.41887648 | E5: 0.076413119 | F5: 0.16591068 | G5: 0.102582 | H5: 0.23621773 | I5: 1
A6: 10 | B6: 0.34106769 | C6: 0.077808793 | D6: =SUM(B6:C6) -> 0.41887648 | E6: 0.076413119 | F6: 0.16591068 | G6: 0.102582 | H6: 0.23621773 | I6: 1
A7: 11 | B7: 0.26022928 | C7: 0.095061728 | D7: =SUM(B7:C7) -> 0.35529101 | E7: 0.063844797 | F7: 0.14691358 | G7: 0.18439153 | H7: 0.24955908 | I7: 1
A8: 12 | B8: 0.19 | C8: 0.07 | D8: =SUM(B8:C8) -> 0.26 | E8: 0.067 | F8: 0.162 | G8: 0.228 | H8: 0.284 | I8: 1.001
A9: 13 | B9: 0.17 | C9: 0.07 | D9: =SUM(B9:C9) -> 0.24 | E9: 0.063 | F9: 0.176 | G9: 0.242 | H9: 0.275 | I9: 0.996
A10: 14 | B10: 0.18 | C10: 0.1 | D10: =SUM(B10:C10) -> 0.28 | E10: 0.064 | F10: 0.169 | G10: 0.24 | H10: 0.247 | I10: 1
A11: 15 | B11: 0.19 | C11: 0.08 | D11: =SUM(B11:C11) -> 0.27 | E11: 0.073 | F11: 0.141 | G11: 0.246 | H11: 0.27 | I11: 1
A12: 16 | B12: 0.18 | C12: 0.08 | D12: =SUM(B12:C12) -> 0.26 | E12: 0.077 | F12: 0.111 | G12: 0.246 | H12: 0.309 | I12: 1.003
A13: 17 | B13: 0.22 | C13: 0.12 | D13: =SUM(B13:C13) -> 0.34 | E13: 0.076 | F13: 0.114 | G13: 0.239 | H13: 0.235 | I13: 1.004
... A32: 36 | B32: 0.2629 | C32: 0.068 | D32: =SUM(B32:C32) -> 0.3309 | E32: 0.103 | F32: 0.239 | G32: 0.257 | H32: 0.069 | I32: 0.9995
A33: 37 | B33: 0.267 | C33: 0.046 | D33: =SUM(B33:C33) -> 0.313 | E33: 0.099 | F33: 0.23 | G33: 0.27 | H33: 0.089 | I33: =SUM(D33:H33) -> 1.001
A34: 38 | B34: 0.2475 | C34: 0.047 | D34: =SUM(B34:C34) -> 0.2945 | E34: 0.121 | F34: 0.194 | G34: 0.226 | H34: 0.164 | I34: =+D34+E34+F34+G34+H34 -> 0.9995
A35: 39 | B35: 0.2475 | C35: 0.064 | D35: =SUM(B35:C35) -> 0.3115 | E35: 0.076 | F35: 0.187 | G35: 0.222 | H35: 0.204 | I35: =SUM(D35:H35) -> 1.0005
A36: 40 | B36: 0.2504 | C36: 0.046 | D36: =SUM(B36:C36) -> 0.2964 | E36: 0.051 | F36: 0.168 | G36: 0.247 | H36: 0.236 | I36: =+D36+E36+F36+G36+H36 -> 0.9984
D37: =SUM(B37:C37) -> 0 | I37: =+D37+E37+F37+G37+H37 -> 0
D38: =SUM(B38:C38) -> 0 | I38: =+D38+E38+F38+G38+H38 -> 0
D39: =SUM(B39:C39) -> 0 | I39: =+D39+E39+F39+G39+H39 -> 0
D40: =SUM(B40:C40) -> 0 | I40: =+D40+E40+F40+G40+H40 -> 0
D41: =SUM(B41:C41) -> 0 | I41: =+D41+E41+F41+G41+H41 -> 0
D42: =SUM(B42:C42) -> 0 | I42: =+D42+E42+F42+G42+H42 -> 0
D43: =SUM(B43:C43) -> 0 | I43: =+D43+E43+F43+G43+H43 -> 0

Sheet Clients
A1: Index | B1: Actif | C1: Type | D1: Secteur | E1: Technico Commercial | F1: ID client | G1: Boulangerie | H1: Latitude | I1: Longitude | J1: TBD | K1: TBD | L1: TBD | M1: TBD | N1: TBD | O1: TBD | P1: TBD | Q1: TBD | R1: TBD | S1: TBD
A2: 1 | B2: Oui | C2: cash | D2: 2 | E2: =VLOOKUP(D2,Secteurs!$A$2:$C$4,3) -> Félix OVOURA | F2: PNR-00001 | G2: AFRICAINE1 nkouikou nzango | H2: -4.760972 | I2: 11.894225
A3: 2 | B3: Oui | C3: cash | D3: 2 | E3: =VLOOKUP(D3,Secteurs!$A$2:$C$4,3) -> Félix OVOURA | F3: PNR-00002 | G3: AFRICAINE2 nkouinkou vonvon | H3: -4.7653793 | I3: 11.888867
A4: 3 | B4: Oui | C4: cash | D4: 2 | E4: =VLOOKUP(D4,Secteurs!$A$2:$C$4,3) -> Félix OVOURA | F4: PNR-00003 | G4: AFRICAINE3 tchialli | H4: -4.740813 | I4: 11.872248
A5: 4 | B5: Oui | C5: cash | D5: 1 | E5: =VLOOKUP(D5,Secteurs!$A$2:$C$4,3) -> Alexis MABOUNDA | F5: PNR-00004 | G5: AFRICAINE4 la fontaine | H5: -4.7847704 | I5: 11.890808
A6: 5 | B6: Oui | C6: cash | D6: 1 | E6: =VLOOKUP(D6,Secteurs!$A$2:$C$4,3) -> Alexis MABOUNDA | F6: PNR-00005 | G6: AFRICAINE5 ngoyo avenue taty loutard | H6: -4.8459595 | I6: 11.90738
A7: 6 | B7: Oui | C7: cash | D7: 3 | E7: =VLOOKUP(D7,Secteurs!$A$2:$C$4,3) -> Armel SOKAMBA | F7: PNR-00006 | G7: AFRICAINE6 ngoyo central | H7: -4.8559791 | I7: 11.913618
A8: 7 | B8: Oui | C8: cash | D8: 2 | E8: =VLOOKUP(D8,Secteurs!$A$2:$C$4,3) -> Félix OVOURA | F8: PNR-00007 | G8: AFRICAINE7 nzassi
A9: 8 | B9: Oui | C9: cash | D9: 3 | E9: =VLOOKUP(D9,Secteurs!$A$2:$C$4,3) -> Armel SOKAMBA | F9: PNR-00008 | G9: AL MONA rond point sogolo | H9: -4.763584 | I9: 11.86124
A10: 9 | B10: Oui | F10: PNR-00009 | G10: AMOUR DE MPAKA | H10: -4.8042877 | I10: 11.921242
A11: 10 | B11: Oui | F11: PNR-00010 | G11: ARC EN CIEL EX LISA ngoyo péage | H11: -4.885089 | I11: 11.928425
A12: 11 | B12: Oui | C12: cash | D12: 3 | E12: =VLOOKUP(D12,Secteurs!$A$2:$C$4,3) -> Armel SOKAMBA | F12: PNR-00011 | G12: ARDOSSON 1
A13: 12 | B13: Oui | C13: cash | D13: 2 | E13: =VLOOKUP(D13,Secteurs!$A$2:$C$4,3) -> Félix OVOURA | F13: PNR-00012 | G13: ARDOSSON 2
A14: 13 | B14: Oui | C14: cash | D14: 1 | E14: =VLOOKUP(D14,Secteurs!$A$2:$C$4,3) -> Alexis MABOUNDA | F14: PNR-00013 | G14: ATAKAHYR mayinga | H14: -4.8393837 | I14: 11.895826
A15: 14 | B15: Oui | C15: cash | D15: 2 | E15: =VLOOKUP(D15,Secteurs!$A$2:$C$4,3) -> Félix OVOURA | F15: PNR-00014 | G15: ATAKALKHAYR fouks | H15: -4.783137 | I15: 11.882978
A16: 15 | B16: Oui | C16: cash | D16: 2 | E16: =VLOOKUP(D16,Secteurs!$A$2:$C$4,3) -> Félix OVOURA | F16: PNR-00015 | G16: ATAKALKHAYR loandjili | H16: -4.762534 | I16: 11.873727
A17: 16 | B17: Oui | C17: cash | D17: 2 | E17: =VLOOKUP(D17,Secteurs!$A$2:$C$4,3) -> Félix OVOURA | F17: PNR-00016 | G17: AYA fond -tié-tié | H17: -4.8069357 | I17: 11.900482
A18: 17 | B18: Oui | F18: PNR-00017 | G18: AYOUNE MAKAYABOU | H18: -4.7570185 | I18: 11.883769
A19: 18 | B19: Oui | C19: crédit | D19: 1 | E19: =VLOOKUP(D19,Secteurs!$A$2:$C$4,3) -> Alexis MABOUNDA | F19: PNR-00018 | G19: AZALAYE makulungulu | H19: -4.7677697 | I19: 11.894995
A20: 19 | B20: Oui | C20: cash | D20: 3 | E20: =VLOOKUP(D20,Secteurs!$A$2:$C$4,3) -> Armel SOKAMBA | F20: PNR-00019 | G20: BA fond tié-tié gare | H20: -4.8037731 | I20: 11.897428
A21: 20 | B21: Oui | C21: cash | D21: 2 | E21: =VLOOKUP(D21,Secteurs!$A$2:$C$4,3) -> Félix OVOURA | F21: PNR-00020 | G21: BA fond tié-tié en allant vers voungou | H21: -4.8020165 | I21: 11.899555
A22: 21 | B22: Oui | C22: cash | D22: 2 | E22: =VLOOKUP(D22,Secteurs!$A$2:$C$4,3) -> Félix OVOURA | F22: PNR-00021 | G22: BA mpaka dalette | H22: -4.8240881 | I22: 11.907605
A23: 22 | B23: Oui | C23: cash | D23: 2 | E23: =VLOOKUP(D23,Secteurs!$A$2:$C$4,3) -> Félix OVOURA | F23: PNR-00022 | G23: BA mpaka marché LEWILIS | H23: -4.8170914 | I23: 11.911328
A24: 23 | B24: Oui | C24: cash | D24: 3 | E24: =VLOOKUP(D24,Secteurs!$A$2:$C$4,3) -> Armel SOKAMBA | F24: PNR-00023 | G24: BA mvoumvou immigration | H24: -4.778628 | I24: 11.867432
A25: 24 | B25: Oui | C25: cash | D25: 3 | E25: =VLOOKUP(D25,Secteurs!$A$2:$C$4,3) -> Armel SOKAMBA | F25: PNR-00024 | G25: BA ngoyo | H25: -4.8608653 | I25: 11.981989
A26: 25 | B26: Oui | C26: cash | D26: 2 | E26: =VLOOKUP(D26,Secteurs!$A$2:$C$4,3) -> Félix OVOURA | F26: PNR-00025 | G26: BA thyster mongo mpoukou | H26: -4.7495164 | I26: 11.904749
A27: 26 | B27: Oui | F27: PNR-00026 | G27: BABA.M EX MAKKAH Vindoulou station | H27: -4.7438044 | I27: 11.909114
A28: 27 | B28: Oui | F28: PNR-00027 | G28: BABA.M EX MAKKAH marché nkounikou1 | H28: -4.764176 | I28: 11.884369
A29: 28 | B29: Oui | C29: crédit | D29: 3 | E29: =VLOOKUP(D29,Secteurs!$A$2:$C$4,3) -> Armel SOKAMBA | F29: PNR-00028 | G29: BAGUETTE D'EXCELLENCE nkouinkou | H29: -4.7648739 | I29: 11.889282
A30: 29 | B30: Oui | C30: cash | D30: 3 | E30: =VLOOKUP(D30,Secteurs!$A$2:$C$4,3) -> Armel SOKAMBA | F30: PNR-00029 | G30: BAH ex BMM paka maison blanche | H30: -4.8140059 | I30: 11.908191
A31: 30 | B31: Oui | C31: cash | D31: 3 | E31: =VLOOKUP(D31,Secteurs!$A$2:$C$4,3) -> Armel SOKAMBA | F31: PNR-00030 | G31: BAH ex HACEN fond tié-tié | H31: -4.8022432 | I31: 11.895797
A32: 31 | B32: Oui | C32: cash | D32: 2 | E32: =VLOOKUP(D32,Secteurs!$A$2:$C$4,3) -> Félix OVOURA | F32: PNR-00031 | G32: BAH ex SASI tié tié massola | H32: -4.792651 | I32: 11.885542
A33: 32 | B33: Oui | C33: cash | D33: 3 | E33: =VLOOKUP(D33,Secteurs!$A$2:$C$4,3) -> Armel SOKAMBA | F33: PNR-00032 | G33: BENI EX GORGOL 2 mpaka dalette | H33: -4.8225801 | I33: 11.904747
A34: 33 | B34: Oui | C34: cash | D34: 1 | E34: =VLOOKUP(D34,Secteurs!$A$2:$C$4,3) -> Alexis MABOUNDA | F34: PNR-00033 | G34: BICLE | H34: -4.8447844 | I34: 11.898438
A35: 34 | B35: Oui | C35: crédit | D35: 2 | E35: =VLOOKUP(D35,Secteurs!$A$2:$C$4,3) -> Félix OVOURA | F35: PNR-00034 | G35: BM EX ELKER WENVIR vindoulou arrêt sapin | H35: -4.7404305 | I35: 11.911613
A36: 35 | B36: Oui | F36: PNR-00035 | G36: BON CHOIX FOND TIE TIE | H36: -4.8039516 | I36: 11.894482
A37: 36 | B37: Oui | C37: crédit | D37: 1 | E37: =VLOOKUP(D37,Secteurs!$A$2:$C$4,3) -> Alexis MABOUNDA | F37: PNR-00036 | G37: BON CHOIX ngoyo | H37: -4.8642673 | I37: 11.922325
A38: 37 | B38: Oui | C38: crédit | D38: 1 | E38: =VLOOKUP(D38,Secteurs!$A$2:$C$4,3) -> Alexis MABOUNDA | F38: PNR-00037 | G38: BON CHOIX ex GAZA 2 km4
A39: 38 | B39: Oui | F39: PNR-00038 | G39: BON CHOIX tié tié masola | H39: -4.7899 | I39: 11.882686
A40: 39 | B40: Oui | F40: PNR-00039 | G40: BOPAIN Tié-tié Congo Malembé | H40: -4.7948189 | I40: 11.887858
A41: 40 | B41: Oui | C41: crédit | D41: 3 | E41: =VLOOKUP(D41,Secteurs!$A$2:$C$4,3) -> Armel SOKAMBA | F41: PNR-00040 | G41: BOUDI mvou-mvou | H41: -4.780934 | I41: 11.866353
A42: 41 | B42: Oui | F42: PNR-00041 | G42: BOULANGERIE 3D | H42: -4.7095744 | I42: 11.854424
A43: 42 | B43: Oui | F43: PNR-00042 | G43: BOULANGERIE DE LA CITE | H43: -4.761913 | I43: 11.91831
A44: 43 | B44: Oui | F44: PNR-00043 | G44: BOULANGERIE H-J | H44: -4.7549132 | I44: 11.856564
A45: 44 | B45: Oui | F45: PNR-00044 | G45: BOULANGERIE KONATE | H45: -4.7532579 | I45: 11.873755
A46: 45 | B46: Oui | F46: PNR-00045 | G46: Boulangerie la baguette
A47: 46 | B47: Oui | F47: PNR-00046 | G47: BOULANGERIE NB VOUNGOU CONTRE RAILS
A48: 47 | B48: Oui | F48: PNR-00047 | G48: BOULANGERIE STE | H48: -4.7464032 | I48: 11.907258
A49: 48 | B49: Oui | C49: cash | D49: 2 | E49: =VLOOKUP(D49,Secteurs!$A$2:$C$4,3) -> Félix OVOURA | F49: PNR-00048 | G49: CASA Ets AMITIE ex CONGO2 voungou école primaire | H49: -4.7873 | I49: 11.892714
A50: 49 | B50: Oui | F50: PNR-00049 | G50: CELIA ZOLA VOUNGOU | H50: -4.786407 | I50: 11.915386
A51: 50 | B51: Oui | C51: cash | D51: 2 | E51: =VLOOKUP(D51,Secteurs!$A$2:$C$4,3) -> Félix OVOURA | F51: PNR-00050 | G51: CHRISTINA kitoko daniel | H51: -4.776782 | I51: 11.871675
A52: 51 | B52: Oui | C52: crédit | D52: 1 | E52: =VLOOKUP(D52,Secteurs!$A$2:$C$4,3) -> Alexis MABOUNDA | F52: PNR-00051 | G52: CONGO FUTUR moukondo | H52: -4.7051616 | I52: 11.853695
A53: 52 | B53: Oui | C53: crédit | D53: 3 | E53: =VLOOKUP(D53,Secteurs!$A$2:$C$4,3) -> Armel SOKAMBA | F53: PNR-00052 | G53: CONGO FUTUR arrêt manguier | H53: -4.73598 | I53: 11.863253
A54: 53 | B54: Oui | C54: crédit | D54: 2 | E54: =VLOOKUP(D54,Secteurs!$A$2:$C$4,3) -> Félix OVOURA | F54: PNR-00053 | G54: CONGO FUTUR carrefour rafinnerie | H54: -4.7479533 | I54: 11.862246
A55: 54 | B55: Oui | C55: crédit | D55: 1 | E55: =VLOOKUP(D55,Secteurs!$A$2:$C$4,3) -> Alexis MABOUNDA | F55: PNR-00054 | G55: CONGO FUTUR faubourg | H55: -4.756273 | I55: 11.866667
A56: 55 | B56: Oui | C56: crédit | D56: 3 | E56: =VLOOKUP(D56,Secteurs!$A$2:$C$4,3) -> Armel SOKAMBA | F56: PNR-00055 | G56: CONGO FUTUR fond tié-tié | H56: -4.8028686 | I56: 11.896475
A57: 56 | B57: Oui | C57: crédit | D57: 2 | E57: =VLOOKUP(D57,Secteurs!$A$2:$C$4,3) -> Félix OVOURA | F57: PNR-00056 | G57: CONGO FUTUR grand marché | H57: -4.785817 | I57: 11.865093
A58: 57 | B58: Oui | C58: cash | D58: 2 | E58: =VLOOKUP(D58,Secteurs!$A$2:$C$4,3) -> Félix OVOURA | F58: PNR-00057 | G58: CONGO FUTUR marché culotte | H58: -4.7731618 | I58: 11.8862
A59: 58 | B59: Oui | C59: cash | D59: 1 | E59: =VLOOKUP(D59,Secteurs!$A$2:$C$4,3) -> Alexis MABOUNDA | F59: PNR-00058 | G59: CONGO FUTUR paneau 50 | H59: -4.7112807 | I59: 11.856924
A60: 59 | B60: Oui | C60: crédit | D60: 1 | E60: =VLOOKUP(D60,Secteurs!$A$2:$C$4,3) -> Alexis MABOUNDA | F60: PNR-00059 | G60: CONGO FUTUR rafinerie 1er camp | H60: -4.7464592 | I60: 11.859286
A61: 60 | B61: Oui | C61: cash | D61: 2 | E61: =VLOOKUP(D61,Secteurs!$A$2:$C$4,3) -> Félix OVOURA | F61: PNR-00060 | G61: CONGO FUTUR SIAFOUMOU | H61: -4.7427911 | I61: 11.862233
A62: 61 | B62: Oui | C62: crédit | D62: 1 | E62: =VLOOKUP(D62,Secteurs!$A$2:$C$4,3) -> Alexis MABOUNDA | F62: PNR-00061 | G62: CONGO FUTUR terre jaune | H62: -4.7181693 | I62: 11.862637
A63: 62 | B63: Oui | C63: cash | D63: 1 | E63: =VLOOKUP(D63,Secteurs!$A$2:$C$4,3) -> Alexis MABOUNDA | F63: PNR-00062 | G63: CONGO RIM patra
A64: 63 | B64: Oui | C64: cash | D64: 1 | E64: =VLOOKUP(D64,Secteurs!$A$2:$C$4,3) -> Alexis MABOUNDA | F64: PNR-00063 | G64: CONTINENT | H64: -4.788731 | I64: 11.87708
A65: 64 | B65: Oui | C65: cash | D65: 3 | E65: =VLOOKUP(D65,Secteurs!$A$2:$C$4,3) -> Armel SOKAMBA | F65: PNR-00064 | G65: EL ATIGH mengo péage | H65: -4.6894536 | I65: 11.942171
A66: 65 | B66: Oui | F66: PNR-00065 | G66: EL HAMDE 2 EX LALA thyster extension | H66: -4.7514265 | I66: 11.903611
A67: 66 | B67: Oui | F67: PNR-00066 | G67: EL HAMDE 3 EX LALA thyster extension | H67: -4.7683404 | I67: 11.908729
A68: 67 | B68: Oui | F68: PNR-00067 | G68: EL HAMDE EX LALA thyster | H68: -4.7507876 | I68: 11.903307
A69: 68 | B69: Oui | C69: crédit | D69: 1 | E69: =VLOOKUP(D69,Secteurs!$A$2:$C$4,3) -> Alexis MABOUNDA | F69: PNR-00068 | G69: EL MONA fond tié-tié
A70: 69 | B70: Oui | C70: crédit | D70: 2 | E70: =VLOOKUP(D70,Secteurs!$A$2:$C$4,3) -> Félix OVOURA | F70: PNR-00069 | G70: EL MONA tié tié masola
A71: 70 | B71: Oui | C71: cash | D71: 2 | E71: =VLOOKUP(D71,Secteurs!$A$2:$C$4,3) -> Félix OVOURA | F71: PNR-00070 | G71: EL WAVA vindoulou | H71: -4.734468 | I71: 11.916984
A72: 71 | B72: Oui | C72: cash | D72: 3 | E72: =VLOOKUP(D72,Secteurs!$A$2:$C$4,3) -> Armel SOKAMBA | F72: PNR-00071 | G72: ELKOUZ marché faubourg | H72: -4.75445 | I72: 11.864156
A73: 72 | B73: Oui | F73: PNR-00072 | G73: ELVETH/ EX CONGO RIM patra | H73: -4.8420881 | I73: 11.92181
A74: 73 | B74: Oui | C74: crédit | D74: 3 | E74: =VLOOKUP(D74,Secteurs!$A$2:$C$4,3) -> Armel SOKAMBA | F74: PNR-00073 | G74: ELVOZ INCHALLA mbota | H74: -4.7877822 | I74: 11.895793
A75: 74 | B75: Oui | F75: PNR-00074 | G75: EMEL 2 | H75: -4.8084655 | I75: 11.899104
A76: 75 | B76: Oui | C76: cash | D76: 1 | E76: =VLOOKUP(D76,Secteurs!$A$2:$C$4,3) -> Alexis MABOUNDA | F76: PNR-00075 | G76: ESPACE DE LA PROMESSE | H76: -4.7440703 | I76: 11.90877
A77: 76 | B77: Oui | C77: crédit | D77: 2 | E77: =VLOOKUP(D77,Secteurs!$A$2:$C$4,3) -> Félix OVOURA | F77: PNR-00076 | G77: ETOILE D'OR grand marché resto gaspard | H77: -4.787098 | I77: 11.870992
A78: 77 | B78: Oui | F78: PNR-00077 | G78: ETOILE DU CONGO DE MBOTA ROCK | H78: -4.784374 | I78: 11.877182
A79: 78 | B79: Oui | F79: PNR-00078 | G79: ETOILE DU CONGO GAZ GAZ | H79: -4.780182 | I79: 11.882291
A80: 79 | B80: Oui | C80: crédit | D80: 2 | E80: =VLOOKUP(D80,Secteurs!$A$2:$C$4,3) -> Félix OVOURA | F80: PNR-00079 | G80: ETOILE DU CONGO mbota
A81: 80 | B81: Oui | C81: cash | D81: 1 | E81: =VLOOKUP(D81,Secteurs!$A$2:$C$4,3) -> Alexis MABOUNDA | F81: PNR-00080 | G81: ETOILE DU CONGO Ngofo
A82: 81 | B82: Oui | F82: PNR-00081 | G82: ETOILE DU MATIN VOUNGOU | H82: -4.750124 | I82: 11.990544
A83: 82 | B83: Oui | C83: cash | D83: 3 | E83: =VLOOKUP(D83,Secteurs!$A$2:$C$4,3) -> Armel SOKAMBA | F83: PNR-00082 | G83: Ets AMITIE ex BAGDAD1 grand marché révolution | H83: -4.788413 | I83: 11.870759
A84: 83 | B84: Oui | C84: cash | D84: 3 | E84: =VLOOKUP(D84,Secteurs!$A$2:$C$4,3) -> Armel SOKAMBA | F84: PNR-00083 | G84: Ets AMITIE ex BAGDAD2 Rex grand marché | H84: -4.7862261 | I84: 11.874066
A85: 84 | B85: Oui | C85: cash | D85: 3 | E85: =VLOOKUP(D85,Secteurs!$A$2:$C$4,3) -> Armel SOKAMBA | F85: PNR-00084 | G85: Ets AMITIE ex BONNE CHANCE nkouinkou dénisia | H85: -4.7632402 | I85: 11.89273
A86: 85 | B86: Oui | C86: cash | D86: 1 | E86: =VLOOKUP(D86,Secteurs!$A$2:$C$4,3) -> Alexis MABOUNDA | F86: PNR-00085 | G86: Ets AMITIE ex CONGO1 kitoko daniel | H86: -4.779261 | I86: 11.87011
A87: 86 | B87: Oui | F87: PNR-00086 | G87: ETS SEMAH VOUNGOU ARRET ECOLE
A88: 87 | B88: Oui | F88: PNR-00087 | G88: FALL 2 avant marche mbota | H88: -4.7822329 | I88: 11.891075
A89: 88 | B89: Oui | C89: crédit | D89: 2 | E89: =VLOOKUP(D89,Secteurs!$A$2:$C$4,3) -> Félix OVOURA | F89: PNR-00088 | G89: FALL 2 ex elemele2
A90: 89 | B90: Oui | C90: cash | D90: 3 | E90: =VLOOKUP(D90,Secteurs!$A$2:$C$4,3) -> Armel SOKAMBA | F90: PNR-00089 | G90: FALL paka pascal | H90: -4.8117532 | I90: 11.907045
A91: 90 | B91: Oui | F91: PNR-00090 | G91: FAVEUR NGOYO CENTRAL 2
A92: 91 | B92: Oui | F92: PNR-00091 | G92: FAVEUR NGOYO LA FERME | H92: -4.8606314 | I92: 11.913956
A93: 92 | B93: Oui | F93: PNR-00092 | G93: FAVEUR2 loandjili | H93: -4.7691007 | I93: 11.876518
A94: 93 | B94: Oui | F94: PNR-00093 | G94: FAVEUR2 NKOUIKOU | H94: -4.7702984 | I94: 11.883479
A95: 94 | B95: Oui | F95: PNR-00094 | G95: GANGA tié-tié coumapan | H95: -4.795329 | I95: 11.893607
A96: 95 | B96: Oui | F96: PNR-00095 | G96: GATEAUX D'ANNIVERSAIRE STE tchialli | H96: -4.7433086 | I96: 11.869976
A97: 96 | B97: Oui | C97: cash | D97: 3 | E97: =VLOOKUP(D97,Secteurs!$A$2:$C$4,3) -> Armel SOKAMBA | F97: PNR-00096 | G97: GIRMA | H97: -4.799857 | I97: 11.85463
A98: 97 | B98: Oui | C98: crédit | D98: 1 | E98: =VLOOKUP(D98,Secteurs!$A$2:$C$4,3) -> Alexis MABOUNDA | F98: PNR-00097 | G98: GORGOL 2 mpaka dalette
A99: 98 | B99: Oui | C99: crédit | D99: 1 | E99: =VLOOKUP(D99,Secteurs!$A$2:$C$4,3) -> Alexis MABOUNDA | F99: PNR-00098 | G99: GORGOL1 ngoyo | H99: -4.8503812 | I99: 11.905885
A100: 99 | B100: Oui | F100: PNR-00099 | G100: GORGOL1 ngoyo | H100: -4.8503812 | I100: 11.905885
...

Sheet Instructions
A1: Rajouter les nouveaux clients dans l'onglet "Clients". | M1: Actif/Inactif
M2: Oui
M3: Non
A5: Choisir le client dans le menu déroulant de la semaine
